Workbook

Sheet Governance
A1: Theme 1 | C1: NF Governance
A2: Board Structure | B2: Level | C2: Highlight the level you feel the NF is at. | E2: What does the next level of development look like and how do we get there?
B3: 0 | C3: We have no Committee. | E3: {=_xlfn.IFS(A3="","", A3=0, D4, A3=1, D5, A3=2, D6, A3=3, D7, A3=4, "No further criteria" )}
A4: 1. How is your Board or Executive Committee structured? | B4: 1 | C4: We have an informal committee. | D4: The NF has a group of people who put time into organising things for the NF and meet on an ad-hoc basis. To achieve this: Canvas the existing members and keen followers of the sport to see if there are enough people who can share the load of the responsibilities for running of the NF. These are likely to come from established clubs or very keen individuals; Target people who have had experience in running organisations or have sat on governing committees before, OR consider training chosen keen people to learn about the process; Provide simple incentives to encourage people to attend meetings and organise activities, such as providing tea or coffee and refreshments.
B5: 2 | C5: We have a Committee made up of elected officials who are members of the NF. | D5: The Committee is formed of elected members who are registered with clubs or as individuals of the NF but onto a Board with no specific responsibilities. To achieve this: Establish a Committee or board structure that will adequately serve the N.F.; Make changes as needed to the constitution and have these approved; Review the structure of the elected committee and ensure that it consists of a President or Chair, General Secretary (GS), Treasurer, an athlete's representative and at least one other specific portfolio; Ensure that the roles and responsibilities of each member are clear.
B6: 3 | C6: The NF has a Board with assigned specific responsibilities. | D6: The Board structure has been developed to ensure that each Board member has specific responsibility for an area of governance and activity. To achieve this: Review the structure of the elected committee and ensure that it consists of a President or Chair, General Secretary, Treasurer, an athlete's representative and at least 1 other specific portfolio; Ensure that the roles and responsibilities of each member are clear; Ensure the roles and responsibilities are reflected in the Constitution or Statutes of the organisation.
B7: 4 | C7: Board members are selected/elected on the basis of their specific skills and competencies. | D7: To achieve this: Review the structure of the Board so that it is now governed by a Board of Management on which each person is either elected or appointed to perform or oversee a specific function of the organisation; Each board member should be assigned specific portfolio or area of responsibility to which they report at Board meetings and at the AGM; Agree that management tasks and implementation of agreed actions are delegated by the Board to people who are not on the Board.
A8: Your AGM | B8: Level | C8: Highlight the level you feel the NF is at. | E8: What does the next level of development look like and how do we get there?
B9: 0 | C9: We do not meet. | E9: {=_xlfn.IFS(A9="","", A9=0, D10, A9=1, D11, A9=2, D12, A9=3, D13, A9=4, "No further criteria" )}
A10: 2. How would you describe your Annual General Meeting (AGM)? | B10: 1 | C10: We hold informal meetings as and when required. | D10: Meetings are held between active and interested members who have chosen to take responsibility for an area of the NF. These meetings are held as and when necessary and are largely informal. To achieve this: Hold meetings on an ad-hoc basis as the need arises; Involve as many members as possible; Keep records of these meetings.
B11: 2 | C11: We hold a formal annual meeting (AGM), according to our constitution. | D11: The Annual General Meeting is now established and is held annually although not necessarily at the same time of year each year. To achieve this: Hold a formal meeting of the general membership of the organisation on an annual basis; Document in the constitution of the organisation the procedures for the conduct of the annual general meeting, including the nature of the membership, eligibility for voting and voting procedures; Ensure each meeting is held according to agreed procedures and that it respects the rights of the members to have a 'voice'.
B12: 3 | C12: We hold an AGM around the same time each year and have an established agenda. | D12: The AGM is now a formal annual event, well organised and held at the same time each year (e.g. The Second Week of July). To achieve this: Hold an annual meeting of affiliates according to a predetermined agenda; Circulate papers for the meeting at least 30 days prior to the congress; Distribute a formal agenda with strict rules in place regarding submission of items that require approval of the membership.
B13: 4 | C13: We hold an Annual Congress that incorporates education and workshop activities. | D13: The AGM now takes the form of a Congress that includes educational activities and member workshops to discuss key issues. To achieve this: Hold a series of workshops and activities leading up to the meeting that allow full and open contribution by the members on all matters to be put before the meeting; Ensure there is an accurate register of members available to check attendance; Construct an agenda that is consistent from year to year and reflects the Strategic Plan for the NF; Document and make available minutes of the meeting and a transcript and rationale for all decisions for the members to read and refer to.
A14: Constitution | B14: Level | C14: Highlight the level you feel the NF is at. | E14: What does the next level of development look like and how do we get there?
B15: 0 | C15: There are no formal rules in place. | E15: {=_xlfn.IFS(A15="","", A15=0, D16, A15=1, D17, A15=2, D18, A15=3, D19, A15=4, "No further criteria" )}
A16: 3. How formal are the rules governing your association? | B16: 1 | C16: We have regulations developed on an ad-hoc basis that deal with specific activities. | D16: The active members have agreed informally on what or how we go about the business of the NF and these agreements are based on issues as they arise. To achieve this: Establish a set of rules that have been agreed to by the active members or participants in the organisation; At the same time, develop a formal procedure for recognising membership to the organisation.
B17: 2 | C17: We have a basic constitution that reflects the standards dictated by the IF and the NOC. | D17: The Constitution has been developed to reflect the requirements of the NOC and the IF so that we become or can become, recognised. This document is endorsed by our members who are registered as belonging to the organisation and legitimise its existence. To achieve this: Draft a simple constitution that covers simple operating rules and procedures and defines the organisation's roles and responsibilities; Include simple guidelines for running meetings and agreeing on matters that are to be dealt with by the elected committee on behalf of the members; Include the requirements of your IF and NOC; Submit the constitution for approval by your International Federation and by your National Olympic Committee.
B18: 3 | C18: Our constitution has been accepted by the IF and the NOC. | D18: To achieve this: Make sure the NF operates according to the constitution; Liaise frequently with the IF and the NOC and send them copies of minutes of meetings as appropriate; Review how the NF operates regularly to see if the constitution needs reviewing.
B19: 4 | C19: Our constitution is supported by by-laws and statutes approved by the membership. | D19: The constitution now addresses specific issues and needs by establishing By-Laws or Statutes that support the needs of the NF and have been approved as needed by the membership at an AGM. to achieve this: Make sure the NF operates according to the constitution; In consultation with key stakeholders decide what by-laws are essential to the operation of the NF; Incorporate these into the constitution; Get the amended constitution approved by your IF and the NOC, as well as the membership.
A20: Affiliates | B20: Level | C20: Highlight the level you feel the NF is at. | E20: What does the next level of development look like and how do we get there?
B21: 0 | C21: No members yet. | E21: {=_xlfn.IFS(A21="","", A21=0, D22, A21=1, D23, A21=2, D24, A21=3, D25, A21=4, "No further criteria" )}
A22: 4. How are individuals affiliated to your Federation? | B22: 1 | C22: We have a casual membership base who donate time and resources as they feel they want to. | D22: Membership may not yet be formally recorded but people are active and helping to conduct activities. We recognise the need to formalise our membership better. To achieve this: Identify people interested in the NF; Establish a simple set of criteria for membership of the organisation; Keep a record of people who show interest in the NF and would like to see it grow; Encourage people to donate time and resources to the NF.
B23: 2 | C23: Individuals seek direct membership to the NF which usually requires payment of a fee. | D23: Since our clubs and organisational affiliates are not well-developed we allow individuals to seek formal membership of the NF through the payment of a nominal fee. To achieve this: Establish a set of criteria for individual membership to the organisation, including fee structure, rights and privileges and benefits; Members who wish to be registered should pay a small fee to take part in activities at a discounted rate compared to non-members; Create a data base to record the membership, who should be issued a membership card.
B24: 3 | C24: Individuals belong to clubs that affiliate to the national body. | D24: The numbers of people playing our sport have grown to a point where either teams or clubs can affiliate to the NF and in doing so recognise the members of their respective organisations as being affiliated to the NF. The NF seeks to legitimise itself by recognising clubs, teams and groups of people who meet our criteria for membership. To achieve this: Establish a membership structure that recognises groups of individuals through teams or clubs; Representatives of clubs or teams should attend the AGM of the national body and be able to prove their right to do so based on minutes of meetings that endorse them as legitimate representatives of their club.
B25: 4 | C25: Individuals belong to clubs that affiliate to the national body via associations or sanctioned leagues. | D25: There is no place for individual members to directly affiliate to the NF. This should now occur only through the club or association they represent. Achieve this by: The primary form of membership to the NF should by via Clubs/teams that are grouped into Districts or Regions to establish affiliated associations; Representatives of Regions/Associations should attend the NF meetings; Representatives of the Association must produce minutes that confirm to they are legitimate representatives of their district or association; Any provision for individual membership or club membership needs to be properly recognised within the constitution, in particular their right to vote on issues affecting the NF.
A26: Organisation Affiliations | B26: Level | C26: Highlight the level you feel the NF is at. | E26: What does the next level of development look like and how do we get there?
B27: 0 | C27: No affiliations. | E27: {=_xlfn.IFS(A27="","", A27=0, D28, A27=1, D29, A27=2, D30, A27=3, D31, A27=4, "No further criteria" )}
A28: 5. What are your main organisational affiliations? | B28: 1 | C28: We have casual affiliations with social and community groups. | D28: Reaching out to the community is important to us as we see it as a good way to promote our sport and our activities. To achieve this: Identify other groups your NF could affiliate with; Identify the benefits of affiliations for both groups; Affiliate if it seems sensible.
B29: 2 | C29: Affiliated to International Federation. | D29: We recognise the need to be affiliated to the International Federation (IF) and become recognised as the organisation responsible for our sport in this country. To achieve this: Seek guidance from your NOC on how to do this; Establish contact with the appropriate liaison person at the IF Formally write to the IF seeking support for affiliation to the IF and provide evidence of your legitimacy as a functional entity: Do what is required to become affiliated to the IF either through a regional body or directly. This brings recognition to the organisation as the official governing body of your sport in the country.
B30: 3 | C30: Affiliated to the NOC. | D30: The NOC as the umbrella organisation for sport is a very important affiliation to have. It is a source of possible development funding as well as an organisation that provides important pathways in the overall sport environment. To become affiliated to the NOC: Seek guidance from your NOC on how to do this; Amend your constitution to include items that are stipulated under the Olympic Charter; Legitimise your existence by presenting a formally registered list of members; Seek to attend NOC meetings as an observer in order to understand the workings of the NOC; Seek to be active member of the NOC in order for your NF to have influence.
B31: 4 | C31: Affiliated to international sport groups (other than the IF) or corporate groups/franchises. | D31: The NF seeks out affiliation with both government and non-government organisations with like interest, in order to further its influence on sport and sports policy both nationally and internationally. To achieve this: Identify groups and organisations who have similar objectives to the NF who might benefit it by affiliation; Establish contact with organisations that have similar objectives to the NF; Take steps to seek affiliation to international and national bodies and professional organisations outside of the sport that operate within the country.
A32: Planning | B32: Level | C32: Highlight the level you feel the NF is at. | E32: What does the next level of development look like and how do we get there?
B33: 0 | C33: We have no plan. | E33: {=_xlfn.IFS(A33="","", A33=0, D34, A33=1, D35, A33=2, D36, A33=3, D37, A33=4, "No further criteria" )}
A34: 6. What does your organisational plan look like? | B34: 1 | C34: We plan on an ad-hoc basis to roughly execute specific activities. | D34: The NF has no overall plan in place, but it does plan an activity before implementing it to be more efficient with limited resources. To achieve this: Identify what the activities the NF needs to do; Construct simple plans for specific events or activities on an ad-hoc basis; Evaluate the outcomes to find ways to deliver better activities and in a more economical way.
B35: 2 | C35: We have a basic organisational plan prepared for external stakeholder requirements. | D35: The organisational plan has been produced to satisfy the requirements placed on us for seeking funding from external agencies both government and non-government. To achieve this: Seek advice and provide training for the Board members on planning; Understand what stakeholders require from the NF; Set objectives for the NF; Develop a plan for the NF that ensures you will meet stakeholder requirements; Deliver the plan; Monitor and evaluate outcomes and check for impacts on all parts of the organisation.
B36: 3 | C36: We have a documented annual plan prepared by the Board. | D36: The NF plan has been developed by the Board perhaps with the assistance of an external consultant, to identify and address the core business of the NF. It is documented and has been seen by the membership. To achieve this: Revisit the NF's objectives to make sure they are still appropriate; Develop operational strategies to achieve these objectives; Ensure the collection of plans is reviewed by the membership and understood by everyone involved in implementing them; Include simple key performance indicators (KPIs) so you can measure NF performance against the plans; Continue to check the effects of outcomes achieved against all pillars of the NF.
B37: 4 | C37: A documented strategic plan has been prepared for a four year period. | D37: The NF has a strategic plan that takes into account our resources and our capabilities of using these resources which is based on a comprehensive environmental analysis and audit. To achieve this: Seek advice and provide training for the Board members on strategic planning; Conduct a thorough environmental analysis using helpful tools such as SWOT/TOWS and Stakeholder Matrix; Fully understand both the internal and external environment of the organisation and the resources and capabilities that it has at its disposal; Make sure this meets the requirements of key stakeholders and reflect the values established for the NF; Construct the Strategic plan setting out a series of objectives over a timeline that is appropriate from 1 to 4 years; Follow the plan and evaluate the success of the plan and discuss as a matter of course at NF meetings; Carefully evaluate the effect of outcomes for objectives in one area of the organisation with the rest of the organisation.
A38: Code of Conduct | B38: Level | C38: Highlight the level you feel the NF is at. | E38: What does the next level of development look like and how do we get there?
B39: 0 | C39: No Codes of Conduct. | E39: {=_xlfn.IFS(A39="","", A39=0, D40, A39=1, D41, A39=2, D42, A39=3, D43, A39=4, "No further criteria" )}
A40: 7. What kind of Codes of Conduct do you have? | B40: 1 | C40: We have unwritten agreed standards/duty of care that are understood by those affected. | D40: Everyone works on an understanding of our responsibilities for the care and safeguarding of people in our organisation and that we are all here for the organisation. However, nothing is formalised or written. To achieve this: Discuss with everyone involved in running activities what behaviour is expected of them; Seek out advice from credible sources on what behaviours are expected of people working in sporting and other non-government organisations; Establish at the very least, an unwritten code of behaviour on how participants in your activities should behave.
B41: 2 | C41: We have basic codes of conduct covering supervision of activities and behaviour. | D41: The NF has a code of conduct for parts of its organisation, e.g. coaches, officials and perhaps Board Members, but these are broad and wide ranging. To achieve this: Determine what areas of the organisation should be covered by a code of conduct; Establish a simple documented code of conduct for all people involved in delivering and coordinating activities offered by the organisation; Ensure that all people involved in delivering activities have sighted and understand this document; Seek endorsement for the code of conduct at a meeting of the majority of members.
B42: 3 | C42: We have detailed codes of conduct for all aspects of the organisation's activities. | D42: A formal code of conduct that covers all aspects of the organisation and its specific groups such as volunteers, officials, coaches, athletes is agreed upon and approved by the AGM is now in place. To achieve this: Agree to ensure that each operational area of the NF must establish a code of conduct relevant to the nature of the operations; Determine what areas of the organisation should be covered by a code of conduct; Establish a formally documented code of conduct for all people involved in delivering and coordinating activities offered by the organisation; Ensure that all people involved in delivering activities have sighted and understand this document; Seek endorsement for the code of conduct at a meeting of the majority of members.
B43: 4 | C43: We have contracted agreements that set out the required conduct expected of athletes, coaches and officials. | D43: All staff, volunteers, athletes, coaches and officials sign up to a formal code of conduct that is relevant to their activities. To achieve this: Construct a series of formal agreements covering aspects of behaviour of all members and sub groups of members such as athletes, coaches, managers and Board members; Present these in the form of contractual arrangements and have them signed by the respective people representing the organisation; Ensure that the organisation codes of conduct a part of policy and enshrined in the constitution or statutes for the organisation; Delegate the Internal audit committee or a specific independent committee to take responsibility for constructing the codes of conduct and for its implementation, monitoring and evaluation.
A44: Networks | B44: Level | C44: Highlight the level you feel the NF is at. | E44: What does the next level of development look like and how do we get there?
B45: 0 | C45: None. | E45: {=_xlfn.IFS(A45="","", A45=0, D46, A45=1, D47, A45=2, D48, A45=3, D49, A45=4, "No further criteria" )}
A46: 8. What organisational networks do you have? | B46: 1 | C46: We hold social gatherings of friends and families. | D46: The NF has established regular social gatherings around activities arranged by the organisation for close friends, relatives and associates. To achieve this: Appoint a social secretary or committee whose aim is to engage the membership; Develop a regular social calendar preferably around the NF's events and activities; Establish as broad a network as possible and get to know people from organisations that might be of value to the NF.
B47: 2 | C47: We have community and school networks. | D47: The NF recognises the need to promote its sport from the community level upwards and in particular, targets schools to provide support to PE teachers wherever it can. to achieve this: Establish contact with schools and communities that are interested in your sport; Establish contact with clubs or associations that are involved with your sport; Investigate how these groups of like-minded people might form a national coordinating body that supports the work of the NF; Work with these groups to deliver activities that promote interest in our sport.
B48: 3 | C48: The NF is actively involved in the national sport system. | D48: Members of our Board sit on influential committees that help to establish sport policy and programmes for the nation and are integral and influential on the organisations that support our national sport system. To achieve this: Attend district and national meetings and conferences; Work with the NOC to become help deliver its objectives; Facilitate corporate networking activities with stakeholders that are outside of the sport itself such as the Chamber of Commerce, Government; Have Board members take up positions of responsibility in the national sport system.
B49: 4 | C49: The NF is actively involved in international sport. | D49: The NF is very active internationally through our international affiliations and through the NOC. We recognise the importance of establishing a presence on the Boards of the NOC and with our regional and international federations. To achieve this: Attend regional and international competitions and training programs supported by your Regional or International Federation; Attend regional and international meetings and conferences specifically to meet people and discover what opportunities might exist for developing your sport; Have members take up positions of responsibility on regional or international Boards or Commissions; Seek to take up positions on the NOC Board and/or its Commissions.
A50: M & E | B50: Level | C50: Highlight the level you feel the NF is at. | E50: What does the next level of development look like and how do we get there?
B51: 0 | C51: We do not. | E51: {=_xlfn.IFS(A51="","", A51=0, D52, A51=1, D53, A51=2, D54, A51=3, D55, A51=4, "No further criteria" )}
A52: 9. How do you monitor and evaluate activities? | B52: 1 | C52: We note the success or failure of activities. | D52: The NF programmes are run by volunteers who may look at what works and what doesn't. We recognise the importance of critically analysing both our successes and our failures. To achieve this: Record the things that make a difference to the success of the NF's activities; Review these after each event and on an annual basis; Establish a way of improving your activities based on these observations.
B53: 2 | C53: We use criteria imposed on us by external sources. | D53: Organisations or sponsors that fund our programmes provide criteria for the NF to monitor to determine the success of their support: To achieve this: Evaluate all activities using the guidelines required by external organisations, such as the NOC; Carry out formal evaluation of NF developed activities until least 50% of activities are evaluated; Report these evaluations to the GA.
B54: 3 | C54: We monitor and evaluate against KPIs established internally. | D54: In drawing up the NF objectives, criteria are established to determine our success and we use these to measure the effectiveness of our programmes. To achieve this: Continue to evaluate activities as required by external agencies; LI> As a Board develop KPIs that can be used to monitor the success of activities while they are being carried out; Use these to evaluate activities once they are finished; Report to the Board and the GA against these KPIs and develop actions as appropriate.
B55: 4 | C55: We have a comprehensive M&E framework that guides activities. | D55: Monitoring and evaluation is a well-established procedure in our NF and we collect the right data at all times to provide an objective evaluation of our activities and investments. To achieve this: Establish a monitoring and evaluation framework that is part of the on-going delivery of programs and activities; Routinely report against the KPI established for each objective and pay particular attention to the budgetary implications that may occur as objectives are met; The information from this should be an integral part of the strategic planning process fully controlled and determined by the Board and approved by the membership annually.
A56: Separation of governance | B56: Level | C56: Highlight the level you feel the NF is at. | E56: What does the next level of development look like and how do we get there?
B57: 0 | C57: There is no NF management. | E57: {=_xlfn.IFS(A57="","", A57=0, D58, A57=1, D59, A57=2, D60, A57=3, D61, A57=4, "No further criteria" )}
A58: 10. How would you describe the relationship between the Board and NF management? | B58: 1 | C58: The NF has a person who is the main point of contact for the organisation. | D58: Board members take responsibility for managing the day to day operations of the NF. This often falls upon the shoulders of one or two keen individuals. To achieve this: Allocate key areas of responsibility for the NF to individual Board members; Ensure that these Board members report on their NF activities regularly; Consider establishing performance appraisal criteria for Board members based on their meeting objectives set for them.
B59: 2 | C59: We have an elected committee that takes charge of all of our operations. | D59: The NF experiences some difficulties separating the roles of the Board from staff or volunteers who are implementing our activities. Occasionally staff or volunteers take decisions unilaterally without the consideration of the whole Board. To achieve this: Appoint paid staff or volunteers who are responsible for some aspects of the management of the NOC Clarify the roles of the Board and management; Establish reporting relationships between management and the Board; Ensure that each Board member clearly understands the limits of their responsibility and encourage dialogue where responsibilities appear to overlap.
B60: 3 | C60: There is a clear delineation of roles between the Board and management headed by a General Secretary, who is the link between the two. | D60: The NF has established a strong management structure made of paid and voluntary people who are responsible for implementing the activities of the NF. The Management of the NF is overseen by the Secretary General who is paid, or by a Chief Executive Officer or Chief Operating Officer, professionally appointed to oversee the management functions. To achieve this: Establish a clearly defined and documented management structure that his headed up by the General Secretary or a CEO who is directly accountable to the General Secretary; Establish regular mechanisms for the Board and management to engage with each other; Ensure management reports to the Board on a regular basis; Ensure that the Board oversees management activities.
B61: 4 | C61: The Board and management (led by a CEO/COO or GS with no voting rights on the Board) are separate but have a mutually supportive relationship. | D61: The NF is now managed by fully professional staff who work through the CEO and report to the Board through the Secretary General on an on-going basis. To achieve this: Ensure that management implements the decisions of the Board; Allow the management of the NF to work independently when appropriate but ensure that the reporting process to the Board is maintained; Appraise the performance of those in management against clear and agreed criteria; Evaluate working relationships regularly.
A62: Review of Governance | B62: Level | C62: Highlight the level you feel the NF is at. | E62: What does the next level of development look like and how do we get there?
B63: 0 | C63: We do not. | E63: {=_xlfn.IFS(A63="","", A63=0, D64, A63=1, D65, A63=2, D66, A63=3, D67, A63=4, "No further criteria" )}
A64: 11. How often do you carry out a Governance Review? | B64: 1 | C64: We react when problems arise. | D64: The NF is still forming and as such may not have reviewed its constitution formally. Nevertheless the NF should be working to align its Constitution with its activities and with the Olympic Charter and the requirements of its IF. To achieve this: Communicate the requirements of the constitution regularly; Regularly evaluate the activities of the NF against the constitution; Amend activities where necessary.
B65: 2 | C65: We are aware of the need to conduct regular governance reviews. | D65: Since the NF's governance has been established for some time it is important to review how it is working and seek out improvements with the Basic Universal Principles of Good Governance for the sport and Olympic Movement. To achieve this: Identify issues that are not compatible with the Olympic Charter or the IF; Identify operations or procedures that are not covered in our existing constitution; Study the Basic Universal Principles document and review the NF performance against these principles; Develop strategies for avoiding poor governing practice, or consider reviewing the constitution; Make the necessary changes - if this is to the constitution, consult and communicate with all key stakeholders, including OS.
B66: 3 | C66: We carry out a quadrennial review of the governance of the NOC. | D66: The NF has established a formal review process that occurs in each quadrennial, usually after the elections of Board members. As part of orienting a new board it is good practice to review the governance of the organisation. To achieve this: As a Board, carry out a review of the governance of the NOC in terms of its constitution and its strategic planning process; Make adjustments to either planning or the constitution as appropriate; Seek approval for any changes from the Legal Department at Olympic Solidarity and the membership in general.
B67: 4 | C67: Our governance review is on-going in line with the planning process through an Internal Audit or Governance Committee. | D67: The NF now carries out a review of its governance on an ongoing basis through its Internal Audit Committee or via an independent consultant. To achieve this: Establish an Internal Audit or Governance Committee; Mandate this Committee with the responsibility to hold the NF to account to its constitution Whenever a significant issues rises, the Internal Audit Committee should evaluate governance arrangements in terms of the constitution and its strategic plan; Conduct a review of all new objectives that appear in the Organisation strategic plan and ensure that they are constitutionally sound; Appropriate amendments should be recommended to the Board, after seeking approval from key stakeholders.
A68: Conflict of Interest | B68: Level | C68: Highlight the level you feel the NF is at. | E68: What does the next level of development look like and how do we get there?
B69: 0 | C69: We don't consider this | E69: {=_xlfn.IFS(A69="","", A69=0, D70, A69=1, D71, A69=2, D72, A69=3, D73, A69=4, "No further criteria" )}
A70: 12. How does the NF manage conflict of interest? | B70: 1 | C70: We have no formal procedures, but we expect our members to put the NOC's interests first. | D70: Developing a culture of selflessness by putting the Organisation first is an import first step. To achieve this: As a Board discuss the consequences of conflict of interest on a regular and ongoing basis.
B71: 2 | C71: Board members and staff make informal declarations as issues arise. | D71: The NF is now at a stage where it is accumulating assets and making important selection decisions. Ensuring that individuals do not take advantage of these for personal gain it is necessary for people involved in the NF functions to declare their interest at least informally. To achieve this: Ask Board members and staff to set out potential conflicts of interest; Ask Board members and staff to declare conflicts of interest when appropriate.
B72: 3 | C72: Formal declarations made by the Board and by staff on a regular basis. | D72: Declaring conflict of interest should now be a formal process across the whole of the NOC. It is an integral part of Risk Management and a fundamental part of good governance. To achieve this: Develop a Conflict of Interest Declaration Form that covers all areas of operation for the NOC and have it completed and signed off by anyone working for or acting on behalf of the NOC At the start of each Board meeting ask for Board members to declare any conflicts of interest; At the G.A. ask for all members to declare any conflicts of interest.
B73: 4 | C73: We have a written Conflict of Interest Policy that is embedded in all contracts, procedures and actions undertaken by the NF and those acting upon its behalf. | D73: Written declarations of personal interest should now be embedded in the NF and all contractual arrangements made by the NF. Any decision making must be supported by statements that support independence from the decision and provisions need to be made that enable people to remove themselves from decision making processes that might actually or be perceived as a conflict of interest. To achieve this: Develop a conflict of interest policy that covers all stakeholders of the NF; Create a conflict of interest register and collect information for this annually; Have a strategy for dealing with conflicts of interest; Communicate and implement the policy.
A74: Gender Equity | B74: Level | C74: Highlight the level you feel the NF is at. | E74: What does the next level of development look like and how do we get there?
B75: 0 | C75: There are no specific procedures. | E75: {=_xlfn.IFS(A75="","", A75=0, D76, A75=1, D77, A75=2, D78, A75=3, D79, A75=4, "No further criteria" )}
A76: 13. How are women incorporated onto the Board of the NF? | B76: 1 | C76: We encourage all our members to stand for positions. | D76: At this stage the NOC hasn't considered gender equity issues and while women might be represented on the Board, this may be a rare occurance and the Board remains more of a gentleman's club. To encourage all members, regardless of gender to stand for Board positions: Ensure that the Board is aware of the IOC requirements for women's representation; Provide training on equal opportunities for the Board; Discuss ways of increasing the number of women on the Board. Ensure elections are held freely and fairly.
B77: 2 | C77: We actively seek women with the right skills to stand for positions. | D77: The NF is aware of the need to meet minimum representation by women as stipulated in the Olympic Charter and must now seek and encourage women with the right skills to stand for Board positions and address the current imbalance. To achieve this: Properly advertise all Board positions and actively seek to encourage members who aspire to being on the board to stand for positions; Identify key demographic areas of the membership including women and target them to nominate people to represent their interests on the Board; Discuss how to encourage these women to stand for election; Support aspiring women actively to assist in their election to the Board Ensure elections are held freely and fairly.
B78: 3 | C78: We create portfolios that ensure all our members are properly represented and recruit a number of female Board members, who have the necessary skills and experience. | D78: The NF now recognises the need to be proactive in finding ways to increase the representation of women on its board and in positions that exist within the NF. To actively increase the representation of women on the NF Board: Appoint a Board member responsible for women in sport; Establish a Women in Sport Commission; Evaluate the activities and operation of the NF to identify barriers to the election of women to the Board; Identify women from within the membership who have the necessary skills and experience to stand for Board positions; Encourage them to stand for election; Ensure that elections are held openly and that vote manipulation or selective voting that is aimed to maintain the status quo is avoided.;
B79: 4 | C79: Women are elected on merit like any Board member and this is generally reflected by a significant presence of women on our Board. | D79: At this stage, gender equity as reflected in the representation of women on the Board of the NF should be at the very least, 20% and should also be reflected in the boards of members Clubs and Associations. To achieve this: Continue to actively identify, mentor and recruit female Board members, in accordance with a strategic planning objective that states an intention to increase the number of women represented on the Board by more than 20%. Work with member organisations to encourage greater representation of women on their Boards as this in turn provides a training and development ground for the establishment of more women Strive to place a woman with the appropriate skills and competencies in a key Board position, such as chair, secretary general or Treasurer.
A81: =A2 -> Board Structure | B81: =A3 -> 0
A82: =A8 -> Your AGM | B82: =A9 -> 0
A83: =A14 -> Constitution | B83: =A15 -> 0
A84: =A20 -> Affiliates | B84: =A21 -> 0
A85: =A26 -> Organisation Affiliations | B85: =A27 -> 0
A86: =A32 -> Planning | B86: =A33 -> 0
A87: =A38 -> Code of Conduct | B87: =A39 -> 0
A88: =A44 -> Networks | B88: =A45 -> 0
A89: =A50 -> M & E | B89: =A51 -> 0
A90: =A56 -> Separation of governance | B90: =A57 -> 0
A91: =A62 -> Review of Governance | B91: =A63 -> 0
A92: =A68 -> Conflict of Interest | B92: =A69 -> 0
A93: =A74 -> Gender Equity | B93: =A75 -> 0
A95: Average | B95: =AVERAGE(B81:B93) -> 0
A96: Level 4 | B96: =COUNTIF(B81:B93,4) -> 0
A97: Level 3 | B97: =COUNTIF(B81:B93,3) -> 0
A98: Level2 | B98: =COUNTIF(B81:B93,2) -> 0
A99: Level1 | B99: =COUNTIF(B81:B93,1) -> 0
A100: Level 0 | B100: =COUNTIF(B81:B93,0) -> 13
A102: Elements in need of the most urgent attention | C102: Write specific comments here about your urgent priorities.

Sheet Management
A1: Theme 2 | C1: Management
A2: NF Structure | B2: Level | C2: Highlight the level you feel the NF is at. | E2: What does the next level of development look like and how do we get there?
B3: 0 | C3: There is no specific Structure. | E3: {=_xlfn.IFS(A3="","", A3=0, D4, A3=1, D5, A3=2, D6, A3=3, D7, A3=4, "No further criteria" )}
A4: 1. How is the NF structured? | B4: 1 | C4: One Board member manages the NOC. | D4: During the early stages of an NF's development, the work of managing the Organisations typically falls upon one or two willing and enthusiastic Board members who strive to establish some management of activities. To achieve this: One Board member, usually the President takes responsibility for managing the activities of the NF; This is an undesirable situation and every effort must be made to put a functional board in place and share the workload;
B5: 2 | C5: An elected Board manages and governs the NF with a few key active people. | D5: The challenge now is to develop the NF's structure, make sure that the Board is well structured and is full of keen contributors to the governance and management of the NF. To achieve this: Has enough people to run the Organisation; Knows what it has to do; Consult with the NOC and agree on a strategy that utilises funded programmes such as Administration Courses to understand what needs to be done and to appreciate the need for inclusive practices; Has members that have the skills required to run the Organisation; Is prepared to delegate responsibility to people with skills who may or may not be on the Board to manage specific programs.
B6: 3 | C6: The Board, manages the Organisation and takes 'whole Board' responsibility for key functions such as the annual reports, including financial statements. | D6: The NF strives to provide an income stream that can support the employment of staff to take on some of the more demanding administrative functions of the NF. By now the Secretary General may have become a paid employee of the NF and head up the management functions. Paid staff and/or volunteers may work with sub-committees to effectively manage the increasingly diverse functions of the NF. To achieve this: Identifying distinct areas of activity within the NF; Create sub-committees that take responsibility for these areas of activity; Have a member of the Board on each of the sub-committees; Have these sub-committees report to the Board.
B7: 4 | C7: The Board delegates some management responsibility to staff or other volunteers under the supervision of the General Secretary. | D7: The separation of governance from management is a desirable outcome as the Board seeks to set policy, plan and monitor rather than administer the NF. This usually requires the engagement of staff, full time or part time to take on these roles while maintaining responsibility for the direction the NF is taking. To achieve this: Prioritise which areas of activity would benefit from paid staff assistance; Identify sources of funding for paid staff either from within the NF or from external sources, such as government, sponsors or the NOC (Olympic Solidarity); Delegate responsibility for appropriate activities to these functions.
C8: The NF has a fully established secretariat that manages several departments under the control of a CEO/COO. | D8: Efforts are now being made to structure the NF into a functional departments, as the staff numbers grow and the various priorities of the NF develop. To achieve this: Conduct a comprehensive task and skills audit of the NF; Develop a Job Structure by grouping tasks and associating the skills needed to complete these tasks; Organise staff and volunteers into functional areas of operation that support the strategic plan; Delegate responsibility for appropriate activities to these functions.
A9: Operations | B9: Level | C9: Highlight the level you feel the NF is at. | E9: What does the next level of development look like and how do we get there?
B10: 0 | C10: There are no operations to plan | E10: {=_xlfn.IFS(A10="","", A10=0, D11, A10=1, D12, A10=2, D13, A10=3, D14, A10=4, "No further criteria" )}
A11: 2. How does the NF carry out operational planning? | B11: 1 | C11: We react to opportunities without documented procedures. | D11: The NF has no formal planning in place but recognises the need to start the planning process in the NF. To achieve this: Establish criteria that will enable the organisation to agree on how its activities are managed among friends and enthusiastic participants. These criteria may be noted but not documented formally documented; Consult with members to agree on priorities for development of the NF.
B12: 2 | C12: We have a simple operational plan, but it is not necessarily used. | D12: The NF has a plan drafted, probably due to pressure to construct such a document in order to receive funding from one or more external sources. We recognise the need for effective planning but are as yet not fully committed to it. To achieve this level: Carry out a regular audit of the external environment of the NF to identify opportunities; Have Board members receive training in operation planning to help with future planning; Produce an operational plan that addresses the key activities carried out by the NF; This plan should be formally agreed to at a meeting of the majority of members of the organisation.
B13: 3 | C13: The NF has an annual operational plan, which is based on a long term strategic plan. | D13: It is essential that the operational plan reflects the objectives of the strategic plan which has been in turn, properly considered and constructed on the basis of a thorough environmental analysis. To achieve this: Carry out a regular audit of the external environment; Ensure that the organisation has a well-developed strategic plan; Identify what the NF has to do to achieve its strategic objectives; Document this in an operational plan; Ensure that the operational plan is available to all volunteers and staff responsible for activities endorsed by the NF.
B14: 4 | C14: We have a comprehensive operational plan for all activities and procedures, which has been approved by the membership. | D14: The NF has a comprehensive set of operational plans for each of the NF's functions that can be used to inform the development of an Operations Manual. To achieve this: Identify the key functions necessary to achieve the strategic plan; Develop a plan for each function that ensures it contributes to the strategic plan; Ensure that the Operations Plan that is closely tied to the organisation strategic plan and covers at least 80% of the areas of strategic importance to the organisation. Seek approval for the operational plan from the Board.
A15: Operations Manual | B15: Level | C15: Highlight the level you feel the NF is at. | E15: What does the next level of development look like and how do we get there?
B16: 0 | C16: There is no manual | E16: {=_xlfn.IFS(A16="","", A16=0, D17, A16=1, D18, A16=2, D19, A16=3, D20, A16=4, "No further criteria" )}
A17: 3. What kind of operations manual does the NF have? | B17: 1 | C17: We have a few documented working procedures, but these are not documented. | D17: Based on the experience of individuals in conducting activities within and on behalf of the NF, we have accumulated a set of documented procedures and contact lists but these have as yet to be standardised and formalised in any way and may not always be available to whoever needs it. To achieve this level: Have enough people to operate the NF; Make sure that people know what has to be done to operate the NF; Evaluate how your NF is operating on a regular basis.
B18: 2 | C18: We have documented some essential procedures, such as those relating to finances. | D18: To help the NF operate more formally and consistently: Agree what has to be done to complete these procedures; Identify what procedures have to be followed consistently; Communicate the required procedures; Evaluate how your NF is operating on a regular basis in terms of the procedures.
B19: 3 | C19: The NF has an operations manual covering all administrative aspects of the organisation. | D19: We recognise the need to put things in order and create a written set of operating procedures. To achieve this: Identify essential procedures for documentation; Consult to identify what the procedures require; Document these procedures; Make these documented procedures available to all and continue to communicate any non-documented procedures.
B20: 4 | C20: Each functional area of the NF has an operations manual reviewed regularly. | D20: Our operations manual is a centrepiece of the management of the NF and contains all of the necessary information to assist anyone to undertake a specific job or function in the organisation. It may be available online or in hard copy. To achieve this: Consult to identify what procedures are needed; Identify the procedures used to run all aspects of the NF; Document these procedures and incorporate into an Operations Manual; Construct both hard copies and electronic copies and structure it so that parts of it can be used in isolation; Distribute the Operations Manual to all appropriate people and ensure it has a place of prominence within the NF office.
A21: Program Management | B21: Level | C21: Highlight the level you feel the NF is at. | E21: What does the next level of development look like and how do we get there?
B22: 0 | C22: No programmes to manage. | E22: {=_xlfn.IFS(A22="","", A22=0, D23, A22=1, D24, A22=2, D25, A22=3, D26, A22=4, "No further criteria" )}
A23: 4. How are programmes managed by the NF? | B23: 1 | C23: We have some programmes driven by interest and opportunity. | D23: There is no organised plan or season for activity established by the NF. Programs and activities are held on an interest basis and organised by individuals who have the time and desire to do so. To achieve this: Identify opportunities for holding activities; Identify interested people to conduct the activity; Involve all relevant parties in the activity.
B24: 2 | C24: Our programmes are managed by Board members. | D24: The board is generally made up of the more active people in the NF and as such they take on the responsibility for most of the activities of the NF. To achieve this: Identify when activities are necessary and create an activity calendar; Assign responsibility for activities and needed tasks to each Board Member; Communicate this schedule to all relevant parties; Hold activities as scheduled.
B25: 3 | C25: The Board delegates some programmes to either paid or voluntary staff members who have the specific knowledge required. | D25: The NF is growing, and the number and frequency of activities is now beyond the capacity of Board Members to manage. Delegating responsibility for some activities, especially specialist one like coaching or events is accepted. To achieve this: Construct a program of specialized activities specific to your sport. These might include competitions, coach development, administration training and officials training; Develop procedures to distribute the resources needed to the appropriate parties in accordance with the operational plan; Ensure that these programs address specific development objectives that have been identified in the planning process that the organisation has undertaken already; Appoint people with the necessary skills and experience to take responsibility for the delivery of these activities and report on their progress.
B26: 4 | C26: All of our programmes are managed professionally, mainly by paid staff with some specialist volunteers. | D26: The NF separates governance from management and restricts Board members from directly managing any of the NF activities. Management is overseen by the General Secretary or a paid CEO/COO. To achieve this: Develop a schedule of activities that is communicated appropriately and in full compliance with the constitution; Assignment responsibility for these activities to specifically skilled and trained volunteers of paid staff; Ask appropriate parties to write reports on activities including recommendations for consideration; Ensure that the board retains oversight of the activities and ensures that they are completed in line with its constitution, code of ethics and values of the NF.
A27: Event Management | B27: Level | C27: Highlight the level you feel the NF is at. | E27: What does the next level of development look like and how do we get there?
B28: 0 | C28: No programmes to manage. | E28: {=_xlfn.IFS(A28="","", A28=0, D29, A28=1, D30, A28=2, D31, A28=3, D32, A28=4, "No further criteria" )}
A29: 5. How are events managed by the NF? | B29: 1 | C29: Our events are conducted at short notice by keen members. | D29: Events are organised on an ad hoc basis, sometimes spontaneously and other times with some planning. To achieve this: Organise some events among friends and associates on a short term and ad-hoc basis; Have mechanisms for calling in volunteer help; Involve all relevant parties in the events.
B30: 2 | C30: Our events are seasonal and managed by a committee. | D30: The organisation has an established a committee that is responsible for the formal organising of events, with members having specific assigned responsibilities. To achieve this: Identify a timeframe or season in which the sport can best be delivered and create an events calendar; Establish simple criteria for electing or appointing people to a committee charged with organising competitions; Hold meetings as scheduled.
B31: 3 | C31: Our events follow a basic planning cycle in line with organisational objectives. | D31: The NF has a well-established competitions and events schedule that follows a 'Think-Plan-Do' approach. To achieve this: Establish a competitions committee that runs the organisations events in accordance with the strategic plan and operations manual; Carefully consider the event concepts and the resources and capabilities needed to achieve it; Plan the event out and include contingencies for identified risks, such as poor weather or poor attendance Develop procedures to distribute the work load to the appropriate parties in accordance with the Operations plan; Establish special sub-committees to conduct one-off events as required.
B32: 4 | C32: Our events follow the four recognised parts of the event management cycle and are managed by paid staff or agents. | D32: We have well documented event planning that establishes an event concept, that leads to a preparation phase, followed by an implementation phase and completed with thorough monitoring and evaluation. To achieve this: Engage or establish a professional Event Management Committee that is paid from proceeds generated by the event; Ensure all events have a well-documented plan in place that has been approved by the Board Outsource events to a professional company but the proceeds of the event are returned to the organisation, OR have established a professional event management section that is responsible for all events run by the organisation and operates as a business.
A33: Stakeholder reporting | B33: Level | C33: Highlight the level you feel the NF is at. | E33: What does the next level of development look like and how do we get there?
B34: 0 | C34: No reporting is done | E34: {=_xlfn.IFS(A34="","", A34=0, D35, A34=1, D36, A34=2, D37, A34=3, D38, A34=4, "No further criteria" )}
A35: 5. How does the NF report to stakeholders on its activities? | B35: 1 | C35: We do this informally, usually by word of mouth. | D35: Reporting is usually verbal, but we recognise the need to start to more formally report on activities. To achieve this: Identify what activities should be reported upon; Have a mechanism or forum that allows reporting on some activities to appropriate parties; Delegate responsibility for reporting of activities to the appropriate party.
B36: 2 | C36: Reports are produced on demand, as required by external funders. | D36: The NF reports formally when required, to respond to the needs of external funding agencies. To achieve this: Identify what activities should be reported upon and report on these, at least, informally; Identify those activities that need to be reported formally; Have a mechanism that allows others to read notes taken; Communicate the process for accessing these notes to all appropriate parties.
B37: 3 | C37: An annual report is presented to the GA for approval before circulation to stakeholders. | D37: The annual report houses a comprehensive report of all our activities and is the primary method used to report to the members. To achieve this: Identify those activities that need to be reported by written notes and make these notes available by a mechanism that is communicated to all appropriate parties; Require written reports, rather than written notes, on key programmes and projects that the NF is involved with and make these available to all appropriate parties.
B38: 4 | C38: The annual report is the official document produced by the organisation and this is supported by detailed project specific reports as needed. | D38: We recognise the need to produce reports in a well-structured and professional way as part of demonstrating our competence and viability as an organisation. To achieve this: Identify the formality and sophistication of reporting required for different NF activities; Make sure that activities are reported as required; Produce reports of all the organisation's activities in a printed, high quality annual report. Provide for all reports to be available to the members and to the community at large via a website or other electronic depository.
A39: Records | B39: Level | C39: Highlight the level you feel the NF is at. | E39: What does the next level of development look like and how do we get there?
B40: 0 | C40: There are no records to manage | E40: {=_xlfn.IFS(A40="","", A40=0, D41, A40=1, D42, A40=2, D43, A40=3, D44, A40=4, "No further criteria" )}
A41: 6. How does the NF manage records? | B41: 1 | C41: We take notes of meetings and brief records of activities. These are not necessarily filed. | D41: The NF recognises the need to start a data collection process. To achieve this: Identify what activities should be reported upon and report on these, at least, informally; Identify those activities that need to be reported formally; Identify responsibility for taking notes at meetings and for making records of activities; Make sure that these records are kept by those responsible.
B42: 2 | C42: The NF has a simple filing system for important documentation. | D42: The NF has implemented a basic system of data management and filing that enables sorting of information and retrieval of documentation when it is needed. To achieve this: Identify what activities must be documented (written or electronically) and make sure they are documented; Create a central point for the storage of important documentation; Develop a system for filing documentation.
B43: 3 | C43: The NF stores and can retrieve records of meetings and activities. | D43: The NF is meticulous in storing information, including the minutes of meetings and programme reports which it can access at any time. To achieve this: Document all meetings and activities; Create a central point for storing documentation (manual or electronic); Develop a filing and retrieval system (manual or electronic) for data.
B44: 4 | C44: The NF has a formal archive system, which stores records for an extended period in line with a retention policy, with digital back-up. | D44: The NF applies significant resources to the keeping of records and the retrieval of information as needed. To achieve this: Make sure all data is recorded digitally; Develop an electronic filing and retrieval system; Have a system for archiving data; Develop a system for protecting and backing-up data.
A45: Contracts | B45: Level | C45: Highlight the level you feel the NF is at. | E45: What does the next level of development look like and how do we get there?
B46: 0 | C46: There are no contracts in place. | E46: {=_xlfn.IFS(A46="","", A46=0, D47, A46=1, D48, A46=2, D49, A46=3, D50, A46=4, "No further criteria" )}
A47: 7. What type of contracts does the NF have? | B47: 1 | C47: Our contracts are based on ‘handshake’ agreements. | D47: The NF enters into arrangements with service providers through its member network but also recognises the need to develop a contracting process. To achieve this: Consider the type of contracts that may be necessary. Identify areas of activity that could be, or should be subject to contract; Identify appropriate contractors to deliver these activities; Explain clearly to the contractor what is required and get agreement to this in the presence of witnesses.
B48: 2 | C48: The NF establishes written agreements when necessary as dictated by external organisations. | D48: The NF has established a more formal contracting process that is usually based on the requirements of external stakeholders but now recognises the need to protect the interests of the NF. To achieve this: Identify areas of activity that could be, or should be subject to contract; For large or important activities ensure that written agreement is established; Identify appropriate contractors to deliver these activities; For other activities, explain clearly to the contractor what is required and get agreement to this in the presence of witnesses.
B49: 3 | C49: The NF always obtains legally binding contracts. | D49: The NF deals with significant contracts and ensures that these are supported by a formal contracting system. To achieve this: Identify areas of activity that could be, or should have tender documents prepared; Establish a tender selection process for major contracts; Develop legally binding contracts for work and get these signed by contractors; Consider appointing a Legal Advisor to oversee and vet all written contracts that the NF enters into.
B50: 4 | C50: The NF has a contracting policy, setting out how to contract, who can tender and what the contracts must contain. | D50: The NF has a policy that underlies how contracts are agreed for essential services and works. To achieve this: Develop a contracting policy that is necessary for the award of all contracts; Get this endorsed by the NF Board; Communicate this policy both internally and externally; Operate according to this policy and reflect this through reporting at various meetings held by the organisation; Ensure that all contracts are scrutinised thoroughly by a Legal team so that they protect the interests of both parties
A51: Risk management | B51: Level | C51: Highlight the level you feel the NF is at. | E51: What does the next level of development look like and how do we get there?
B52: 0 | C52: There is nothing to mismanage. | E52: {=_xlfn.IFS(A52="","", A52=0, D53, A52=1, D54, A52=2, D55, A52=3, D56, A52=4, "No further criteria" )}
A53: 8. What procedures does the NF have for preventing mismanagement and fraud? | B53: 1 | C53: The NF has no specific procedures. | D53: We recognise the need to understand mismanagement and fraud and its consequences. To achieve this: Consider the implications of mismanagement and fraud for the NF; Provide information on the possible areas for mismanagement and fraud within the NF; Have the Board discuss possible ways of preventing and dealing with mismanagement and fraud.
B54: 2 | C54: The NF has an ad-hoc discipline committee that investigates when an issue arises. | D54: We have a process for dealing with mismanagement and fraud albeit at a basic level. To achieve this: Document and communicate what could be considered mismanagement and fraud; Provide training in what might constitute mismanagement and fraud; Identify people who would be appropriate members of an 'ad-hoc' discipline committee; Establish procedures to bring issues to the attention of the NF.
B55: 3 | C55: We have documented procedures that address prevention, detection and mitigation of mismanagement and fraud. | D55: These procedures are embedded in the risk management responsibilities that we take when planning and implementing activities of the NF. To achieve this: Develop auditing procedures that allow mismanagement and fraud to be identified; Establish a standing discipline committee that has at least 1 independent member; Develop formal procedures for addressing mismanagement and fraud, including establishing appropriate penalties; Deal convincingly and consistently with mismanagement and fraud.
B56: 4 | C56: The NF has a mismanagement and fraud policy that covers all aspects of work and encourages ‘whistle blowing’. | D56: The NF has a well-established fraud and mismanagement system that relies on having a clear understanding of the procedures that are in place to prevent, detect and mitigate against fraudulent or mismanagement practices. To achieve this: Develop a mismanagement and fraud policy that covers all the activities of the NOC both internally and externally, in consultation with members and stakeholders; Ensure that the policy also includes the activities of key stakeholders when they use NF resources; Make it easy for staff or volunteers to report, anonymously, on mismanagement and fraud; Communicate the policy both internally and externally.
A57: Responsibility | B57: Level | C57: Highlight the level you feel the NF is at. | E57: What does the next level of development look like and how do we get there?
B58: 0 | C58: No-one | E58: {=_xlfn.IFS(A58="","", A58=0, D59, A58=1, D60, A58=2, D61, A58=3, D62, A58=4, "No further criteria" )}
A59: 9. Who is responsible for managing essential tasks? | B59: 1 | C59: Work is undertaken by interested volunteers who turn up on the day. | D59: The NF has a cadre of volunteers who we rely on to turn up to help out at our activities. To achieve this: Identify what needs to be done and by whom; Allocate responsibility for tasks to a named individual who carries out this role with appropriate assistance; Provide basic orientation and training to volunteers as required.
B60: 2 | C60: Work is managed by the elected Board members. | D60: At this level of development, the majority of tasks are carried out by 1 or 2 key people on the Committee. To achieve this: Ensure that management tasks are distributed among elected committee members according to their personal interest and expertise; Formally assign responsibility for completing tasks to Board members; Inform all necessary parties of who this individual is.
B61: 3 | C61: Some tasks are delegated to specialist volunteers not on the Board. | D61: To achieve this: Allocate the responsibility for managing specialist tasks to paid staff or specifically trained volunteers; Provide additional support as necessary; Establish an operations manual that clearly identifies roles for volunteers facilitated by the staff member; Inform all necessary parties of who is responsible.
B62: 4 | C62: We have a management team that is separate from the Board. | D62: The NF has a clear separation of Governance from Management and ensures that board members are as far as possible not involved in implementing decisions made by the Board. However considerable effort is made to fully inform Board members of all our activities. To achieve this: Clarify the role of functional departments in managing NF activities; Establish regular interdepartmental meetings and workshops to coordinate and control all aspect of the management of NF programmes; Communicate functional roles to all appropriate parties; Report frequently and regularly to the Board and ensure briefing papers for Board meetings contain all the evidence and information need for them to maintain oversight of the NF and its activities.
A63: Decision execution | B63: Level | C63: Highlight the level you feel the NF is at. | E63: What does the next level of development look like and how do we get there?
B64: 0 | C64: No actions taken on board decisions. | E64: {=_xlfn.IFS(A64="","", A64=0, D65, A64=1, D66, A64=2, D67, A64=3, D68, A64=4, "No further criteria" )}
A65: 10. How are Board decisions executed in the NF? | B65: 1 | C65: The NF does not have (or lacks) the resources to consistently implement many Board decisions. | D65: The NF prioritises the implementation of key Board decisions as it cannot do everything. To achieve this: Consider the implementation of all Board decisions; Have criteria for prioritising Board decisions; Implement decisions of high priority.
B66: 2 | C66: Decisions that are pushed through by individual Board members are acted upon. | D66: Individual Board members often use their personal influence to implement decisions that are of interest to them. To achieve this: Be aware of Board member's personal preferences; Establish criteria for prioritising Board decisions; Implement decisions of high priority not matter who supports and promotes them.
B67: 3 | C67: Important decisions are acted upon either by specialist volunteers, paid staff or through a specific committee. | D67: To implement key Board decisions fully: Commit to implementing all decisions considered important by the Board; Identify who is best placed to implement these and task them with implementation; Support the implementation of decisions with appropriate resources.
B68: 4 | C68: All decisions are systematically implemented, monitored and documented by management. | D68: The NF has a systematic tracking system in place to ensure that all decisions made by the Board are implemented in a timely and complete manner. To implement all Board decisions: Document the decisions made by the Board; Delegate the implementation of Board decisions to appropriate staff or functional areas; Support with appropriate resources; Monitor the implementation process to ensure the decision is fully implemented.
A70: =A2 -> NF Structure | B70: =A3 -> 0
A71: =A9 -> Operations | B71: =A10 -> 0
A72: =A15 -> Operations Manual | B72: =A16 -> 0
A73: =A21 -> Program Management | B73: =A22 -> 0
A74: =A27 -> Event Management | B74: =A28 -> 0
A75: =A33 -> Stakeholder reporting | B75: =A34 -> 0
A76: =A39 -> Records | B76: =A40 -> 0
A77: =A45 -> Contracts | B77: =A46 -> 0
A78: =A51 -> Risk management | B78: =A52 -> 0
A79: =A57 -> Responsibility | B79: =A58 -> 0
A80: =A63 -> Decision execution | B80: =A64 -> 0
A84: Average | B84: =AVERAGE(B70:B80) -> 0
A85: Level 4 | B85: =COUNTIF(B70:B82,4) -> 0
A86: Level 3 | B86: =COUNTIF(B70:B82,3) -> 0
A87: Level2 | B87: =COUNTIF(B70:B82,2) -> 0
A88: Level1 | B88: =COUNTIF(B70:B82,1) -> 0
A89: Level 0 | B89: =COUNTIF(B70:B83,0) -> 11
A90: Elements in urgent need of attention | C90: Write specific comments here about your urgent priorities.
C100: =IF(B80<2.5, A80, "") -> Decision execution

Sheet Human Resources
A1: Theme 3 | C1: Human Resources
A2: Staffing | B2: Level | C2: Highlight the level you feel the NF is at. | E2: What does the next level of development look like and how do we get there?
B3: 0 | C3: No staff of any kind | E3: {=_xlfn.IFS(A3="","", A3=0, D4, A3=1, D5, A3=2, D6, A3=3, D7, A3=4, "No further criteria" )}
A4: Do you have paid staff? | B4: 1 | C4: The NF has limited staffing or part time people remunerated for some basic administrative work. | D4: The NF relies heavily on volunteers to carry out its activities and duties but recognises the need to begin to pay people for services. To achieve this: Identify the activities the NF needs to carry out; Determine the income that can be directed towards paying for services; Assign a specific Board Member to oversee and manage the execution of duties and payment for services.
B5: 2 | C5: The NF has at least 1 full time employee to manage the administration of the NF. | D5: In having at least one full time employee the NF realises that its work is beyond the capacity of volunteers due to its on-going and often intense nature. To achieve this: Conduct a task and skills audit as a basis for prioritising the person needed; Develop a job description and person specification and ensure that what is expected of this position is reasonable for the remuneration being offered, while meeting the needs of the NF; Assign a specific Board member to monitor and oversee the new employee; Have the Board member report back regularly on the staff member's activities.
B6: 3 | C6: The NF has a several paid staff, including a general manager / executive director or CEO. | D6: The NF has established paid staff to carry out administrative work as well as focus on the demands of delegations to major events. To achieve this: Establish a Job Structure that includes a job description and person specifications for each post in the NF; Determine the cost of employing each person, including office space and equipment as well as salaries and on-costs; Define the job structure and the lines of accountability for each post; Employ and review their performance annually.
B7: 4 | C7: The NF has a full paid staff complement organised in departments. | D7: The NF is a well-structured professional organisation, structured into Departments to carry our specific responsibilities of the NF. To achieve this: Draw up job descriptions and person specifications for all voluntary and paid positions in the Organisation; Establish clear and unambiguous selection criteria for each position in the NF; Ensure that selection is made strictly on the basis of documentation available. Put in place a comprehensive induction and orientation plan for each position in the NF.
A8: Administration | B8: Level | C8: Highlight the level you feel the NF is at. | E8: What does the next level of development look like and how do we get there?
B9: 0 | C9: No-one | E9: {=_xlfn.IFS(A9="","", A9=0, D10, A9=1, D11, A9=2, D12, A9=3, D13, A9=4, "No further criteria" )}
A10: Who is responsible for the Administration of the organisation? | B10: 1 | C10: Everyone looks after their own activities. | D10: The NF has a few willing volunteers who organise themselves when tasked to perform a duty or duties on behalf of the NF. We recognise the need to manage volunteers. To achieve this: Identify the activities the NF needs to carry out; Recruit enough volunteers to do all the activities; Make sure that volunteers know what they have to achieve.
B11: 2 | C11: Our Board members are assigned to manage tasks. | D11: All our volunteers report to various Board Members who assume the responsibility to manage their contributions. To distribute responsibility to Board members more formally: Allocate volunteers into groups or to specific activities; Assign a Board member to each group or particular activity; Ensure that the Board member knows what the volunteers have to achieve; Have the Board member report back regularly on volunteer activities and in particular administrative functions carried out by them.
B12: 3 | C12: We have an administrative officer who is either a specialist volunteer or paid person. | D12: The NF has organised much of its administration to be taken care of by either volunteers or part-time/full time staff. These functions are now overseen by either the Secretary General or a CEO. To achieve this: Draw up a job description and person specification for a post to manage the volunteers; Recruit a volunteer or staff member to this post; Ensure that they have the right skills and know what is required; Review their performance regularly.
B13: 4 | C13: We employ a CEO to manage the administration of the organisation. | D13: The NF has so many programmes that require full time attention that it is necessary to employ a CEO. To achieve this: Draw up a job description and person specification for a CEO; Recruit someone with the rights skills and abilities for the post; Evaluate their performance regularly.
A14: Coaching staff | B14: Level | C14: Highlight the level you feel the NF is at. | E14: What does the next level of development look like and how do we get there?
B15: 0 | C15: None | E15: {=_xlfn.IFS(A15="","", A15=0, D16, A15=1, D17, A15=2, D18, A15=3, D19, A15=4, "No further criteria" )}
A16: What coaching staff do you have? | B16: 1 | C16: Untrained volunteers coach teams out of interest. | D16: Coaching is usually undertaken by parents or keen volunteers who may or may not have played the sport before. To achieve this: Seek out volunteer, untrained but keen coaches, usually parents or associates of interested participants; Find ways to support these volunteers with training and incentives.
B17: 2 | C17: Some trained coaches look after our teams on a volunteer basis. | D17: Our coaches have done some training usually with an external organisation and work as volunteers. To achieve this: Ensure that coaches have some formal training; Identify where missing competencies can be obtained external to the NF; Seek out development opportunities through graded coach education, to address gaps between what competencies the NF has and what it requires.
B18: 3 | C18: Specialised coaches either volunteer or receive some support to coach. | D18: We have a good range of coaching development opportunities within the NF and we seek to find some remuneration for them. To achieve this: Establish a coach education program that trains specialised, graded coaches; Graded coach education programs are now conducted by the organisation. Seek out a source of funding such as charging coaching fees, to help support the work of coaches.
B19: 4 | C19: Qualified professionals take care of our coaching needs. | D19: Most of our coaches are fully qualified professionals that lead highly elite groups of athletes. To achieve this: Fully implement a graded coach education program and issue certificates under the N.F. brand; Anticipate future competencies and establish a plan for these to be met; Establish clear guidelines for the recruitment, selection and training of coaches for the NF representative teams.
A20: Technical officials | B20: Level | C20: Highlight the level you feel the NF is at. | E20: What does the next level of development look like and how do we get there?
B21: 0 | C21: None | E21: {=_xlfn.IFS(A21="","", A21=0, D22, A21=1, D23, A21=2, D24, A21=3, D25, A21=4, "No further criteria" )}
A22: What Technical Officials do you have? | B22: 1 | C22: Interested volunteers help out. | D22: Interested people usually parents of athletes, take on officials' duties as volunteers, with our without training. To achieve this: Know what competencies volunteers can make available to the NF; Use these in the most appropriate way to support the work of the NF.
B23: 2 | C23: We have trained volunteer officials who work with an officials commission. | D23: Officials who control our competitions are trained to some degree but remain largely voluntary. To achieve this: Carry out an audit of the competencies in the NF and compare it to what is required; Identify where missing competencies can be obtained external to the NF; Seek out development opportunities to address gaps between what competencies the NF has and what it requires.
B24: 3 | C24: We have specialised officials trained to IF standards. | D24: Our officials are trained to IF standards usually by taking part in IF sanctioned training programmes. The NF insists that its elite competitions are controlled by IF trained officials. To achieve this: Establish guidelines for the qualifications needed by officials; Identify external assistance where necessary and appropriate.
B25: 4 | C25: We have fully qualified professionals who carry out our officials' duties. | D25: Our officials are fully trained withing the NF to meet IF standards and are graded to the level of performance they are needed to preside over. To achieve this: Continue to monitor the competencies available to the NF to anticipate when development might be required; Anticipate future competencies and establish a plan for these to be met; Establish graded technical officials training programs with the NF and ensure they are endorsed by the IF.
A26: Athletes | B26: Level | C26: Highlight the level you feel the NF is at. | E26: What does the next level of development look like and how do we get there?
B27: 0 | C27: None | E27: {=_xlfn.IFS(A27="","", A27=0, D28, A27=1, D29, A27=2, D30, A27=3, D31, A27=4, "No further criteria" )}
A28: What types of athletes do you have? | B28: 1 | C28: We have interested recreational participants. | D28: Most athletes in our NF are recreational with the occasional talented individual seeking to improve to higher levels. To achieve this: Encourage anyone from any background to join in your activity sessions; Seek out serious athletes in other sports to come and try your sport; Provide the conditions that make doing your sport attractive to all parts of the community.
B29: 2 | C29: We have regular participants who will train at least 2 times per week. | D29: Some clubs in our NF have their athletes training up to twice a week for at least half of the year. To achieve this: Establish a competition structure that provides an incentive for athletes to want to train in order to be good enough to win it; Provide resources and support to clubs for coaches on training athletes to improve their performance; Identify athletes who are already dedicated to training and establish them as role models or even mentors to others who wish to strive to improve.
B30: 3 | C30: Our athletes are committed and choose our sport over other activities. | D30: The NF has access to a good number of dedicated athletes who prioritise our sport over others and who train more than 2 times per week for most of the year. To achieve this: Continue to improve the standard and status of NF competitions at all levels; Raise the profile of the national team by taking part in regular and frequent international competitions; Develop a business model for clubs that encourages them to move to developing semi-professional athletes; Provide incentives that will encourage Athletes to play this sport as their number one choice.
B31: 4 | C31: We have professional athletes for whom the sport is their life. | D31: Our top-level competitions generate sufficient income to support professional athletes who compete both nationally and internationally. This makes it possible for athletes to make our sport their lifelong passion. To achieve this: Establish a viable business plan the is competition based providing opportunities for athletes to play our sport all year round and at any level; Provide a comprehensive athlete support framework that is mindful of developing athletes safely, maintaining their participation in the sport and transitioning athletes after their life in sport.
A32: Volunteer recruitment | B32: Level | C32: Highlight the level you feel the NF is at. | E32: What does the next level of development look like and how do we get there?
B33: 0 | C33: We do not. | E33: {=_xlfn.IFS(A33="","", A33=0, D34, A33=1, D35, A33=2, D36, A33=3, D37, A33=4, "No further criteria" )}
A34: From where do you recruit new staff or volunteers? | B34: 1 | C34: We recruit and select by word of mouth and through personal contact. | D34: The NF has yet to properly consider where to source its talent from beyond existing immediate networks. To achieve this: Be aware of the role requirements of positions within the NF; Seek people who can fill these roles, by enquiring informally through existing personal networks.
B35: 2 | C35: We have established job descriptions for our basic roles, but rely on volunteers to fill positions. | D35: We have established a series of basic job descriptions and have a good idea of the kind of people we need to fill these roles. Most of our positions are still filled by volunteers but we are aware of the need to choose people carefully for roles rather than simply take whoever comes along. To achieve this: Create a sub-committee to be responsible for recruitment that reports to the Board; Provide training in recruitment and selection for the sub-committee; Document general guidelines to support recruitment activities, which consider how people might be recruited; Use the guidelines to recruit staff and volunteers.
B36: 3 | C36: We have an HR policy in place and systematically recruit, select and induct our volunteers and paid staff. | D36: The NF has established documented human resource management procedures to better recruit, select and train our professional and volunteer workforce. To achieve this: Develop appropriate documentation to support the recruitment process. This includes, job descriptions, person specifications and selection guidelines; Use this documentation to recruit people to work with the NF, who are not known to the NF or its contacts;
B37: 4 | C37: We have a comprehensive HR framework to manage all aspects of HR and strive to find the best candidates for the positions both, internally and external to the NF. | D37: The NF has a Human Resources Department that reviews our strategic plan and designs an appropriate job structure to help meet its objectives and ambitions. To achieve this: Establish a HR department to support recruitment activities and the development and revision of procedures; Develop a framework that covers all aspects of recruitment practice, including an evaluation of current and future recruitment needs. Monitor and revise the framework when appropriate.
A38: Education Support | B38: Level | C38: Highlight the level you feel the NF is at. | E38: What does the next level of development look like and how do we get there?
B39: 0 | C39: None | E39: {=_xlfn.IFS(A39="","", A39=0, D40, A39=1, D41, A39=2, D42, A39=3, D43, A39=4, "No further criteria" )}
A40: What support do you provide for educating people in your organisation? | B40: 1 | C40: Incidental learning on the job. | D40: There is no formal education in the organisation, people with experience may pass on what they know but this is not done systematically. To achieve this: Be aware of the requirements of the roles within the NF; Seek people who can fill these roles; Encourage people who have done these jobs to help out the new members as much as possible.
B41: 2 | C41: Training is provided by an external source such as the NOC or the IF. | D41: The NF has no formal training programmes beyond encouraging experienced people to pass on their knowledge and experience, however this does not always happen. We recognise the need to train people for the work but rely on courses provided by external organisations to educate our people. To achieve this: Create a sub-committee to be responsible for recruitment and education that reports to the Board; Provide training in recruitment and selection for the sub-committee; Task this committee to seek out opportunities for education in areas such as administration, coaching and officiating and bring these to the attention of the Board; Document general guidelines to support educational activities, which consider how people might be selected for them; Use the guidelines to select staff and volunteers for courses that are being offered.
B42: 3 | C42: We have training and education programmes, which we run. | D42: The NF offers basic training in coaching, officiating and club administration and these are conducted by trained instructors whom we endorse. To achieve this: Establish an education committee that is delegated the responsibility to identify the education needs of the NF and provide training and accreditation for basic training courses in coaching, officiating and administration; Develop guidelines that cover all aspects of education such as sources of instructors and training materials, roles and responsibilities of educators, and how to select people for training and accreditation; Ensure our training programme is aligned with the IF where relevant; Evaluate the education programme regularly.
B43: 4 | C43: We have implemented a comprehensive educational framework to support all staff, volunteers and the general membership of the NF. | D43: In addition to our own training programmes we also draw on access to NOC and IF advanced training programmes for coaches, officials and administration. To achieve this: Establish a HR department that support education and places a heavy emphasis on training and development; Develop a framework that covers all aspects of education in the NF, including an evaluation of current and future education needs. Monitor and revise the framework when appropriate.
A44: Job Descriptions | B44: Level | C44: Highlight the level you feel the NF is at. | E44: What does the next level of development look like and how do we get there?
B45: 0 | C45: We do not have any. | E45: {=_xlfn.IFS(A45="","", A45=0, D46, A45=1, D47, A45=2, D48, A45=3, D49, A45=4, "No further criteria" )}
A46: What kind of Job descriptions do you have? | B46: 1 | C46: Nothing written, we explain jobs verbally. | D46: The NF has a rough idea what each role in the organisation is but will tend to let people go about it in the way they want to and modify to suit their own strengths. To achieve this: As a Board, discuss and agree what is required by each of the roles in the NF; Use this to describe jobs to potential candidates; Encourage people to take on jobs that they feel are suited to their knowledge, skills and experience.
B47: 2 | C47: Job descriptions are a written description of key tasks for specific staff and Board members. | D47: The NF has developed basic job descriptions that list the key tasks that need to be done for each role within the NF. These lists are not particularly well thought out but are based on experience in undertaking the roles by past people involved in the NF. To achieve this: Document what each of the roles in the NF are required to do in a job description; Communicate these to all candidates and to those in post; Use job descriptions to recruit and/or orientate new Board members, staff and volunteers.
B48: 3 | C48: Job descriptions contain a description of key tasks and the basic qualifications and experience needed for all paid staff but not for Board members. | D48: The NF recognises the need to include Board members positions with Job Descriptions. To achieve this: Expand documented job descriptions to include basic qualifications. Conduct a comprehensive task analysis of each Board position; Use this information to formulate a specific Job Description for each Board position; Encourage members to seek positions on the Board that match their skills.
B49: 4 | C49: The NF has full job descriptions and person specifications which include competencies required, responsibilities, reporting lines and tasks for all staff and Board members. | D49: These are developed by our HR Department and approved by the Board. To achieve this: Regularly revise and review tasks and skills needed by the NF; Expand documented job descriptions to include competencies, responsibilities and accountabilities for all roles within the NF - both paid and voluntary.
A50: Volunteers to Professional Staff | B50: Level | C50: Highlight the level you feel the NF is at. | E50: What does the next level of development look like and how do we get there?
B51: 0 | C51: Not applicable | E51: {=_xlfn.IFS(A51="","", A51=0, D52, A51=1, D53, A51=2, D54, A51=3, D55, A51=4, "No further criteria" )}
A52: What is the ratio of volunteers to professional staff in your organisation? | B52: 1 | C52: 100% volunteer management, most of which is done by committee members. | D52: The NF only has volunteers at this point in time and understands what it needs to do to make the most of their contributions. To achieve this: Be clear about what is required from each role within the NF; Use this information to choose appropriate from our personal networks who have the necessary skills to contribute to the NF.
B53: 2 | C53: Some professional support is sought when funds permit. | D53: We remunerate people for specialist services if and when we have the funding to do so or their services become available through an externally funded or supported programme. At this stage less than 25% of work done for the NF is remunerated. To achieve this: Appoint a sub-committee responsible for sourcing expertise and programmes that might support this such as volunteer schemes offered by governments or NGO's or consultancy programmes funded by the IF, Olympic Solidarity or other relevant NGO's; Prioritise what services are needed and seek sources of financial or in-kind support to access them; Consider offering incentive payments albeit below what would normally be considered as the 'going rate' for services; Make applications for assistance as needed through the NF or other relevant NGO.
B54: 3 | C54: Less than 50% of staff are paid. | D54: The NF now has some full time and part time employed people, usually in administration but also in coaching and officiating. At this stage less the 50% of work done for the NF is remunerated. To achieve this: Appoint a member of staff or specialist volunteer to take charge of human resource management and have them report to the Board; Establish a clear set of Job Descriptions and person specifications for any work that is remunerated as well as for volunteer positions that may become remunerated; Develop selection criteria using the job descriptions and use these to interview candidates; Appoint candidates that best fits the job description, following a relatively formal selection process; Ensure that there are sufficient funds to maintain the remuneration as well as pay for the resources needed to support the position(s).
B55: 4 | C55: More than 50% of staff are paid. | D55: The NF is now considered a professional organisation in which payment for services is considered normal, even though the need for volunteers remains recognised. To achieve this: Selection should be guided by the HR department and supported by appropriate documentation; All candidates should be assessed by a range of mechanisms; All appointments should be on the basis of fit with the job description and job requirements.
A56: HR Procedures | B56: Level | C56: Highlight the level you feel the NF is at. | E56: What does the next level of development look like and how do we get there?
B57: 0 | C57: None | E57: {=_xlfn.IFS(A57="","", A57=0, D58, A57=1, D59, A57=2, D60, A57=3, D61, A57=4, "No further criteria" )}
A58: What Human Resources systems or procedures do you have in place? | B58: 1 | C58: Nothing is documented, we manage informally. | D58: The NF understands what HR procedures may be required but has little resources to be able to dedicate towards establishing them. To achieve this: As a Board discuss what HR procedures are appropriate for the NF; Regularly review these procedures and consider what can be implemented with the limited resources available; Consider recruiting someone with HR management skills onto the board or in an advisory capacity to the NF.
B59: 2 | C59: We have simple guidelines covering some aspects of HR management, including staff contracts, but have yet to consider this seriously. | D59: Staff are appointed following some procedures but there is no systematic HR process in place. volunteers are accepted and welcomed regardless of qualifications but some effort does go into supporting volunteers when they take up roles. To achieve this: Appoint a Board member to be responsible for Human Resources Management; Document the key recruitment and selection procedures that the Board thinks is appropriate for the NF; Document key staff development and management procedures; Continue to recruit and select staff and volunteers using some process but advise the Board to consider documenting and approving a more systematic HRM process; Communicate these procedures to all appropriate stakeholders.
B60: 3 | C60: We have a HR policy that deals with the key issues of HR, such as recruitment and selection. All staff members have a contract. | D60: Simple paperwork has been established with the help of a HR specialist to to support a simple recruit, select and train strategy for handling our needs. To achieve this: Appoint a member of staff or specialised volunteer to take charge of HR and report to the Board; Complete documented procedures for the key aspects of HR management that are used to attract, recruit and manage staff and volunteers; Communicate these procedures to all appropriate stakeholders.
B61: 4 | C61: The NF has a HR framework that covers all aspects of HR management, such as recruitment, selection, appraisal, discipline procedures and rewards. | D61: The HR Department of the NF is now fully established and supported by well documented procedures for all aspects of HRM. To achieve this: Develop a comprehensive HR management framework; Establish a Human Resources Department that looks after all aspects of H.R.M. at the NF using the framework as its guide; Communicate this framework to all appropriate stakeholders.
A62: Personnel Development | B62: Level | C62: Highlight the level you feel the NF is at. | E62: What does the next level of development look like and how do we get there?
B63: 0 | C63: None | E63: {=_xlfn.IFS(A63="","", A63=0, D64, A63=1, D65, A63=2, D66, A63=3, D67, A63=4, "No further criteria" )}
A64: What personnel development does the organisation carry out? | B64: 1 | C64: Individuals decide what development they need and arrange it. | D64: We encourage individuals to seek out opportunities for personal development and talk to people about their roles in order to better understand them. To achieve this: Speak to volunteers and Board members and ask them what would help them to perform their role better; Where possible, arrange mentoring using past experienced people or other organisations to meet with and assist new Board members and volunteers; Encourage Board members and volunteers to arrange personal development if they want it and provide support where possible.
B65: 2 | C65: The NF takes up external opportunities for development when they arise. (e.g. Solidarity funded courses). | D65: The NF provides limited opportunities for development usually made available through Olympic Solidarity funded IF or NOC programmes or possibly from a government agency or NGO working in the country. To achieve this: Carry out an audit of the Board to identify development needs; Identify external training opportunities to meet these development needs; Communicate these opportunities as they arise and encourage staff and volunteers to take part; Provide appropriate incentives for people to seek out and take part in training courses; Commence work on establishing training programmes from within the organisation.
B66: 3 | C66: Staff/volunteers are offered development opportunities in order to fill gaps in the expertise that the NF has access to. | D66: The NF has established training programmes in administration and has built on externally provided programmes in coaching and officiating and is working towards training of presenters and programme coordinators who can lead courses in our country where and when needed. To achieve this: Carry out regular skills audits to identify training needs for Board members and the rest of the NF; Identify internal and external opportunities for meeting these training needs; Consider training personnel within the NF as trainers and facilitators to conduct introductory courses in either or all of coaching, officiating and administration; Support staff and volunteers to take up training opportunities; Lobby the NOC and government to establish a national sport education programme; Evaluate the impact of the training on the NF.
B67: 4 | C67: Personnel development is based on mutual agreement of what is best for both the individual and the organisation. | D67: The NF has as part of its HR Framework, a fully developed induction and training programme for all staff and volunteers who contribute to its work. To achieve this: Develop a process that allows individual and NF needs for development to be identified; Agree on what is required to best meet both sets on interests; Identify and take up opportunities for personnel development that are provided either internally or external to the NF; Evaluate the impact of this on the NF.
A68: Skills Audit | B68: Level | C68: Highlight the level you feel the NF is at. | E68: What does the next level of development look like and how do we get there?
B69: 0 | C69: Never | E69: {=_xlfn.IFS(A69="","", A69=0, D70, A69=1, D71, A69=2, D72, A69=3, D73, A69=4, "No further criteria" )}
A70: How often does the organisation carry out a Skills Audit to determine what skills are needed in the organisation? | B70: 1 | C70: We rarely consider the skills we may need. | D70: The NF is aware of the need to identify the skills needed to achieve its objectives. To achieve this: Identify what activities the NF has to carry out; Know what skills the NF has access to through its Board and the general membership; Seek to recruit people with the skills needed or implement training programmes for exiting personnel.
B71: 2 | C71: We do an occasional ad hoc review of organisation’s skills needs. | D71: We are aware of the need to be sure that the NF has the skills it needs. To achieve this: Identify the activities the NF has to carry out; Identify the skills needed to do these activities; Identify the gap between the skills the NF has access to and the skills needed; Develop and implement a plan to close this gap.
B72: 3 | C72: We carry out a quadrennial audit of skills needed by the NF. | D72: The NF completes a quadrennial review of the skills and competencies formally that are available to the NF. To achieve this: Schedule an quadrennial skills audit; Where possible make use of a specialist in HRM to assist with this process; Address any weaknesses that appear in the audit either by further recruitment or training and induction.
B73: 4 | C73: We do an annual audit of skills needed and develop a job structure from these. | D73: The NF completes an annual review to assess the skills available to the NF, To achieve this: Schedule an annual skills audit; Address any weaknesses in the audit; Modify the existing job structure to account for new skills needed.
A74: Diversity and Equality | B74: Level | C74: Highlight the level you feel the NF is at. | E74: What does the next level of development look like and how do we get there?
B75: 0 | C75: We never considered it. | E75: {=_xlfn.IFS(A75="","", A75=0, D76, A75=1, D77, A75=2, D78, A75=3, D79, A75=4, "No further criteria" )}
A76: How does your organisation approach the issues around Diversity and Equality? | B76: 1 | C76: We are aware of the issues. | D76: The NF is aware of the need develop a better understanding of the issues and informally seeks to determine the situation that currently exists within the organisation. To achieve this: Provide training in equality and diversity for all Board members; Conduct a series of workshops across the organisation to examine the current situation in the organisation with respect to diversity and equality; Ensure that the NF is compliant with the equality and diversity laws of the country; Be aware of the ethicity and gender balance of the organisation as well as the needs of any minority groups that may exist.
B77: 2 | C77: We have strategies for diversity and equality that are a response to external requirements. | D77: While we have not addressed all aspects of diversity and equality in the organisation we have adopted guidelines from other agencies that have led to simple strategies for recognising and avoiding clear bias particularly with respect to team selections and selection of volunteers, staff and board members. To achieve this: Be aware of what external stakeholders require in terms of equality and diversity; Ensure that the NF knows how to meet these requirements; Document strategies for meeting the requirements of external stakeholders.
B78: 3 | C78: We have proactive strategies to promote diversity and equality and select on merit as much as possible. | D78: The NF pays a lot of attention to this issue and actively addresses issues of equality and diversity. To achieve this: Appoint a Board 'champion' who is responsible for working with staff and volunteers to promote equality and diversity; Provide equality and diversity training for all of the NF; Develop documented strategies that promote equality and diversity in all of the NF's activities; Communicate these widely to all stakeholders.
B79: 4 | C79: The NF is an equal opportunity employer. | D79: To be an equal opportunity employer: Audit all areas of the NF to ensure that there is no bias for or against existing and potential employees and members based on the protected characteristics including; National origin/enthnicity; religion; age; gender; or medical history; Establish a working group or commission that specifically monitors the NF for all matters pertaining to equal opportunities, especially for the selection of teams and delegations representing the NF and the Country as a whole; Ensure that all staff and volunteers promote equality and diversity in all of their actions for the NF.
A81: =A2 -> Staffing | B81: =A3 -> 0
A82: =A8 -> Administration | B82: =A9 -> 0
A83: =A14 -> Coaching staff | B83: =A15 -> 0
A84: =A20 -> Technical officials | B84: =A21 -> 0
A85: =A26 -> Athletes | B85: =A27 -> 0
A86: =A32 -> Volunteer recruitment | B86: =A33 -> 0
A87: =A38 -> Education Support | B87: =A39 -> 0
A88: =A44 -> Job Descriptions | B88: =A45 -> 0
A89: =A50 -> Volunteers to Professional Staff | B89: =A51 -> 0
A90: =A56 -> HR Procedures | B90: =A57 -> 0
A91: =A62 -> Personnel Development | B91: =A63 -> 0
A92: =A68 -> Skills Audit | B92: =A69 -> 0
A93: =A74 -> Diversity and Equality | B93: =A75 -> 0
A95: Average | B95: =AVERAGE(B81:B93) -> 0
A96: Level 4 | B96: =COUNTIF(B81:B93,4) -> 0
A97: Level 3 | B97: =COUNTIF(B81:B93,3) -> 0
A98: Level2 | B98: =COUNTIF(B81:B93,2) -> 0
A99: Level1 | B99: =COUNTIF(B81:B93,1) -> 0
A100: Level 0 | B100: =COUNTIF(B81:B93,0) -> 13
A102: Elements in urgent need of attention

Sheet Finance
A1: Theme 4 | C1: Finance
A2: Oversight | B2: Level | C2: Highlight the level you feel the NF is at. | E2: What does the next level of development look like and how do we get there?
B3: 0 | C3: No formal insight | E3: {=_xlfn.IFS(A3="","", A3=0, D4, A3=1, D5, A3=2, D6, A3=3, D7, A3=4, "No further criteria" )}
A4: Who oversees the finances of your organisation? | B4: 1 | C4: The elected Board through the Treasurer. | D4: To establish the Treasurer to oversee the finances: Appoint a Board member to be responsible for all financial matters; Include the roles and responsibilities of this position - the Treasurer- in the Constitution or in its By-Laws; Ensure that the Treasurer has the necessary financial skillset; Ensure that the Treasurer reconciles the finances and reports finances to the S.G. & Board when the Board meets.
B5: 2 | C5: A Finance Committee consisting of the Treasurer, Chair and one other Board member oversees finances on behalf of the Board. | D5: The NF has established a Finance Committee to oversee the finances of the NF on behalf of the Board although the Board maintains its absolute responsibility for this function. To achieve this: Appoint a Committee consisting of, at least, the Treasurer, the Chair and one other Board member to oversee the finances of the NF; Include the roles and responsibilities of this committee in the Constitution or in its By-Laws; Ensure that the Finance Committee have the required financial skillset to support the NF; Task the Finance Committee to develop financial processes and systems so that the NF can operate with best practice; Ensure that the Finance Committee reports to the Board regularly on the balance of funding available for planned activities; Task this Committee with the responsibility of drafting an annual budget based on the planned activities of the NF.
B6: 3 | C6: A Board based Finance Committee established by Terms of Reference that includes at least one independent external member. | D6: The NF has established a Finance Committee to oversee the finances of the NF on behalf of the Board although the Board maintains its absolute responsibility for this function. To achieve this: Appoint a Committee consisting of, at least, the Treasurer, the Chair and one other Board member to oversee the finances of the NF; Include the roles and responsibilities of this committee in the Constitution or in its By-Laws; Ensure that the Finance Committee has the required financial skillset to support the NF; Task the Finance Committee to develop financial processes and systems so that the NF can operate with best practice; Ensure that the Finance Committee reports to the Board regularly on the balance of funding available for planned activities; Task this Committee with the responsibility of drafting an annual budget based on the planned activities of the NOC.
B7: 4 | C7: A Board appointed Finance and or Audit Committee has been established that oversees and reports to the Board. | D7: The NF has established an independent Board appointed Finance Committee, that provides financial oversight and fiscal advice to the NF Board including the preparation and validity of the annual audit. To achieve this: Establish a Finance committee with the necessary skillset; Agree on the Terms of Reference (TOR) and define the role of the Finance Committee; Review financial procedures and risk management on an on-going basis and advise the Board on all financial matters, including those raised by the annual Audit; Ensure that the NF remains solvent and maintains its ability to provide services to its members and the sporting community.
A8: Finanace management | B8: Level | C8: Highlight the level you feel the NF is at. | E8: What does the next level of development look like and how do we get there?
B9: 0 | C9: No specific management responsibility. | E9: {=_xlfn.IFS(A9="","", A9=0, D10, A9=1, D11, A9=2, D12, A9=3, D13, A9=4, "No further criteria" )}
A10: Who manages the organisation's finances? | B10: 1 | C10: Treasurer. | D10: The Board allocates responsibility for managing finances to an elected Treasurer who has either stood for this office or has been selected by the elected Board to undertake this role because of their specific skills in this area. To achieve this: Establish a Treasurer position on the Board; Appoint or elect a suitably qualified person to the position; In conjunction with the General Secretary, the Treasurer manages and oversees the writing of cheques and depositing of funds; Ensure that the Treasurer periodically collects the financial information and bank statements from the NF and prepares financial information for the Board. Note: at this level the Treasurer is part of a 'management board' structure.
B11: 2 | C11: Treasurer supported by an external accountant. | D11: The NF spreads the responsibility for managing finances, recognising the need for independent expertise by seeking the services of an accountant, either voluntarily or partly paid. To achieve this: Establish a committee that is responsible for the finances of the NF, reporting to the Treasurer; Appoint suitably qualified people to sit on the committee; Appoint an external Accountant who is independent of the NF and its key personnel Task the committee to acquit financial statements and prepare reports for S.G. and Board when requested and note that the Accountant may be asked from time to time to come to Board meetings and answer specific questions; Task the committee and external auditors to prepare the Annual Audit before the AGM . Ensure the Board has an overview of the finances on a regular basis and take 'whole board' responsibility for the financial report.
B12: 3 | C12: Accounting Technician, Accountant or Finance Manager employed by the NF, reporting to the S.G. and Finance Committee (F.C.). | D12: The NF now allocates responsibility for managing finances to a paid member of staff, Finance Manager (F.M.)who reports to the Treasurer and likely to the General Secretary on a regular basis. To achieve this: Create a post that requires appropriate qualifications, experience and competencies to manage the NF's finances; Appoint a suitably qualified person to this post; Ensure that the roles and responsibility of the F.M., are clearly documented and that there is an agreed and signed employee contract; Task the F.M. to record and prepare all financial information periodically or when required by the S.G. and the F.C.; The F.M. discusses financial matters with managers and S.G. monthly or bi-monthly ensuring that the budget spend and income to be received are all on track as projected in the agreed financial plan; Ensure that the F.M. in conjunction with the S.G. present timely financial reports for discussion with the F.C.; Task the F.M. to assist the F.C. to review financial information and submissions for Board papers and assist the F.C. with annual audit requirements and preparations; Ensure that the F.M. reports to the Treasurer and that the Board has a clear understanding of the NF's finances prior to submission of the Annual report to the AGM.
B13: 4 | C13: The NF has a finance department that develops, manages and reports all finances and financial forecasts for the NF. | D13: At this level of development the Finance Department led by the Finance Manager (F.M.) provides financial oversight and fiscal advice to the NF Board. One of its core responsibilities is to ensure the organization is operating responsibly with the financial resources it has, in order to remain solvent and provide the NF with the financial ability to carry out programs and services to its members and sporting community. To achieve this: Create a Finance Director post that requires appropriate qualifications, experience and competencies to manage the NF's finances; Appoint a suitably qualified person to this post; Provide advice to all areas of the NF on the type of financial reporting they require Ensure that the Finance Director reports regularly to the Finance Committee (F.C.) and the Board and that the Board has a clear understanding of the NF's finances, financial and risk management procedures.
A14: Financial controls | B14: Level | C14: Highlight the level you feel the NF is at. | E14: What does the next level of development look like and how do we get there?
B15: 0 | C15: No procedures | E15: {=_xlfn.IFS(A15="","", A15=0, D16, A15=1, D17, A15=2, D18, A15=3, D19, A15=4, "No further criteria" )}
A16: What sort of financial controls and procedures does the organisation have? | B16: 1 | C16: The NF has a few procedures and controls that are not documented but are well understood. | D16: This usually means that verbal payment and NF activity procedures are in place, driven by the Treasurer and S.G. To achieve this: The Bank requires two signatures for cheques, and transfer of funds; President and Treasurer are the people who can sign for cheques and fund transfers. The S.G., Treasurer and President verbally advise what payments are to be made, and come to the office to sign cheques, and fund transfer forms; Invoices are paid and fund transfers are filed at the NF office.; The Treasurer records all financial transactions and advises the Board on what has been paid and what money is available at the bank; The S.G. & Treasurer receive deposit confirmations and advise on fund deposits verbally; After a Board meeting the S.G. advises verbally when a project can commence.
B17: 2 | C17: Some written guidelines established to cover our financial procedures. These follow established accounting practices. | D17: Financial control procedures are semi formalized and issued through the Board and the Treasurer, (F.C. if activated). To achieve this: The Board, through the Treasurer and F.C. (if activated) should implement financial controls around payments. Two signatures for cheques, and transfer of funds; The S.G., President and Treasurer are the designated NF financial signatories.; The S.G. should authorise all payment requests; Payments are requested via a payment voucher system; The S.G. should meet regularly with Treasurer and or President to sign cheques and fund transfers; The Treasurer should collect and record all financial records from the NF and sends to external Accountant to prepare financial statements for the Board and Secretary General (S.G.) to review; The Treasurer should present financial statements and available funds balances to the S.G. and F.C. when requested. The Board can then discuss with the S.G. what projects can commence with funds available. The Board and/or the Treasurer should note all petty cash requirements, allocation and distribution of those payments. The S.G. is responsible for ensuring all receipts are received from any petty cash payments and reporting any concerns back to the F.C.
B18: 3 | C18: The NF has a financial policy and procedures manual that guides board, management and staff on how to operate their NOC's finances. | D18: NF financial controls are formalized and managed by an employed designated Financial person, the controls are overseen by the Finance Committee (F.C.) and the General Secretary (S.G.). To achieve this: Establish comprehensive financial guidelines that set out the processes and systems that guide the NF on how to financially operate; Ensure the NF understands that the guidelines assist in managing financial risks. The guidelines state who can operate finances, how the Organisation can purchase goods and services, deposit and receive funds, who can authorise the payments of goods and services, how and when the financial information will be presented, recorded and filed; The guidelines should clearly describe the payment approval process and what is deemed approved, authorised and what is not; The guidelines must be made available to all staff, and it is the responsibility of the S.G. and F.M. ensure all guidelines are practiced and followed; The roles and responsibilities of the F.M. and the S.G. along with the annual plan should set out all financial compliance requirements and timelines for the NF (this includes the annual audit).
B19: 4 | C19: The NF regularly reviews financial risks & communicates financial policies and procedures, delegated authorities, segregation of duties, to all staff, management and Board. | D19: The NF delivers its day to day operations in a best practice financial framework through designated authorities driven by segregation of duties, along with comprehensive financial guidelines which set out the processes and systems by which guides the NF on how to financially operate. Robust financial risk identification, monitoring and mitigation processes should now be in place which are reviewed, monitored and documented regularly. To achieve this: The NF should understand the importance of the guidelines and the regular monitoring of these guidelines in order to promote business continuity safely whilst managing financial risks.; The S.G. and F.M. should regularly review and report to the F.C. on risk mitigation and newly implemented processes; The F.M. and S.G. should be fully conversant with all required financial compliance and timelines for the NF (this includes financial planning, annual audit, budget, financial forecasts and all financial control systems) and are assessed on the meeting all of these requirements each year as part of their performance review.
A20: Planning | B20: Level | C20: Highlight the level you feel the NF is at. | E20: What does the next level of development look like and how do we get there?
B21: 0 | C21: No planning | E21: {=_xlfn.IFS(A21="","", A21=0, D22, A21=1, D23, A21=2, D24, A21=3, D25, A21=4, "No further criteria" )}
A22: How would you describe the financial planning that the NF carries out? | B22: 1 | C22: We have no formal planning process; the NF reacts to opportunities directed by the S.G. and Board. | D22: The S.G. & Board verbally advise what grant funds the NF has available to spend. To achieve this: As a Board, discuss how finances should be allocated; Make these allocations and monitor; Regularly review the external environment for funding opportunities and react where appropriate.
B23: 2 | C23: We have planned annual activities approved formally by the S.G. and Board that go ahead if there is funding. | D23: The Treasurer or the F.C. with the S.G. lists funds and grants available at Board meetings so the Board can decide what activities can take place. The Board formally minute all financial discussions. To achieve this: The Treasurer and or the F.C., with the S.G. should develop a budgeting process that allocates funds to key areas of the NF's activities and present to the Board; The Board should discuss the activity objectives and formally approve or reject budgets; Allocate funding to these areas and monitor expenditure against the allocation; Approved budgets should be sent with grant applications to funders; The Treasurer should reconcile finances and reports grant finances to the F.C., Board and specific funding agents. The S.G. should complete activity reports and advises Board and funders if all activity objectives have been met.
B24: 3 | C24: An annual Budget is formally presented to the AGM by the Board that is loosely aligned to the NF Strategic Plan. | D24: The NF Board has at least an annual to 18-month financial focus. The F.C. assists the S.G. and Management to analyse the action plan to achieve the annual to 18-month financial results. To achieve this: A draft annual budget should be prepared by the S.G. and F.M. and discussed with the F.C. who approve it for submission to the Board, at least two months prior to AGM; The budget should be appropriate for the income and activities of the NF and cognisant of the priorities as set out in the strategic plan; The Members must approve annual budget at AGM and be informed as to how it will be monitored; The S.G., Board and staff should administrate the budget, following all guidelines set out in the financial policies and procedures; The F.C. should review accuracy, progress and analysis of budget and activity income and spend and reports to the Board.
B25: 4 | C25: Quadrennial financial forecasting and detailed annual budgeting process and procedures that are completely aligned to the Annual Strategic Plan and the Quadrennial strategic objectives. | D25: An important focus of the NF is financial stability and sustainability. The NF plans quadrennially and performance appraisals are based on these financial strategic objectives being met within the timelines set out in each years' annual plan. To achieve this: Develop a financial plan that sets out how the strategic plan will be financed; Provide a detailed 12 month cash forecast should accompany the annual budget; Provide a cash forecast which should accompany the quadrennial forecast; The annual budget which should focus on annual strategic objectives and be approved by the F.C. for submission to Board; Get the approval of the Members for the annual budget; Implement the budget and monitor on a regular basis through the F.C.; The Board must be formally updated on all financial and activity progress at each Board meeting; The S.G. should have his performance appraised by the Board on objectives being met. S.G. in turn appraises staff on objectives being met.
A26: Reporting | B26: Level | C26: Highlight the level you feel the NF is at. | E26: What does the next level of development look like and how do we get there?
B27: 0 | C27: None | E27: {=_xlfn.IFS(A27="","", A27=0, D28, A27=1, D29, A27=2, D30, A27=3, D31, A27=4, "No further criteria" )}
A28: What financial reporting does the organisation carry out? | B28: 1 | C28: The Treasurer produces an Income Statement/Profit and Loss or Statement of Financial Performance when requested by the S.G. and Board. | D28: Basic financial income and expense reporting is carried out when requested by the Board. To achieve this: Keep clear records of income and expenditure; The Treasurer should produce an annual income and expenditure statement when requested and report on this to the Board and at the G.A..
B29: 2 | C29: The Treasurer and S.G. produce an Income Statement/Profit and Loss or Statement of Financial Performance and a Balance Sheet at least three times a year for the Board and annually for the membership. | D29: Quarterly financial performance and position reporting is provided by the Treasurer with the assistance of an external accountant. To achieve this: The Treasurer with the assistance of an external Accountant should record and produce financial statements for the F.C., the S.G. and the Board when requested and on a quarterly basis; Report on this to the Board and at the G.A.. The S.G. and the F.C. (which should now be activated) should discuss the financial statements and activities that are represented in the statements. ready for presentation to the board; The Treasurer on behalf of the F.C. and S.G. should report to the Board updates on potential grants and funds received and expended on activities.
B30: 3 | C30: The NF produces full financial statements (balance sheet, profit and loss) which are reviewed by the Finance Committee and are presented and accepted by the Board regularly. | D30: Bi-monthly comprehensive financial reporting is a requirement of the NF's annual financial process and planning. To achieve this: The S.G. and F.M. should produce regular financial information, forecasts and complete financial statements for review by the F.C., either bi-monthly or quarterly; The F.C. should meet regularly and minute discussions on the financials presented by S.G. and the F.M., and approve both minutes and financials for submission to the Board; The Board should review and approve financials formally at the next available Board meeting.; Use the NF's financial system to produce full final accounts; Include the accounts in any annual report of the NF.
B31: 4 | C31: Monthly financial, budget and grant analysis, cash flow, financial forecast and statements reported to S.G. and Finance Committee & Board. Annual audit is prepared and completed for each year end before the Financial year's end. | D31: The NF has a financial reporting framework which forms part of NF's annual and quadrennial financial planning and day to day process. The NF is required to perform under the framework requirements. NF financial frameworks are formalized in its guidelines/policies and procedures and are implemented through the roles and responsibilities of the S.G., F.M. and F.C.. To achieve this: Financial information, forecasts and financial statements should be discussed with management, reviewed by S.G. and presented for analytical review by F.C. on a regular monthly basis; The F.M. regularly reports to the S.G., actuals verses budget analysis, along with cash inflows and out flows to ensure activity continuity and the NF's ability to meet its financial obligations and objectives; The F.C. should discuss, review and record all financials with the S.G. & F.M. and report to the Board on a monthly or bi-monthly basis, financial activity, alignment to objectives and any areas of concern or opportunities forecast.
A32: Income from members | B32: Level | C32: Highlight the level you feel the NF is at. | E32: What does the next level of development look like and how do we get there?
B33: 0 | C33: None | E33: {=_xlfn.IFS(A33="","", A33=0, D34, A33=1, D35, A33=2, D36, A33=3, D37, A33=4, "No further criteria" )}
A34: What income do you receive from membership fees? | B34: 1 | C34: We receive some donations and contributions from members. | D34: The NF does not charge fees as yet in order to encourage more clubs and groups to affiliate, but it may receive donations from members. To achieve this: Let members know the financial situation of the NF and encourage them to contribute; Keep a list of registered members; Compile a list of services that the NF can provide in order to set a membership fee in the future.
B35: 2 | C35: Our members pay a small fee to register with the NF. | D35: The NF receives a small fee from its member affiliates that partially contribute to our operating costs. We can do this by providing some services and some incentives such as taking part in our competitions. To achieve this: Draw up a list of services and benefits that can be gained by belonging to the NF; Advertise these to the clubs and groups who are involved in our sport; Ensure only paid members can take part in NF activities including competitions, meetings and in particular, voting; Report regularly on the extent of the membership to the Board and at the GA.
B36: 3 | C36: We have an annual membership fee. | D36: Membership of the NF is now conditional on the payment of an annual fee that entitles individuals who are membersof an affiliated club to be recognised and officially registered as part of the national body. To achieve this: Keep a register of each club or group affiliated to the NF; Acquire the names of all individuals in these affiliates so that they may be recognised to compete in NF activities and be covered by insurance or any other benefit the NF can provide; Ensure each club affiliated pays its fees on time and is established as legitimate on the basis of having a registered membership of its own; Maintain the records accurately.
B37: 4 | C37: The NF has a graded and categorised membership fee structure that generates significant income. | D37: The NF catagorises its membership, based on how much affiliates engage with NF programmes and services. Fees are charged based this, and the income generated is significant in covering NF administrative and programme costs. To achieve this: Develop a series of categories of membership including corporate, club, team, individual, honorary, junior senior and any other category that is relevant to the NF; Set a fair and equitable fee structure that reflects the benefits received by the members. Ensure that fees are paid and records are kept and be true to the greater membership by enforcing fee payments.
A38: Income from activities | B38: Level | C38: Highlight the level you feel the NF is at. | E38: What does the next level of development look like and how do we get there?
B39: 0 | C39: None | E39: {=_xlfn.IFS(A39="","", A39=0, D40, A39=1, D41, A39=2, D42, A39=3, D43, A39=4, "No further criteria" )}
A40: What profit is generated by activities and events conducted by the organisation? | B40: 1 | C40: We generate some profit usually via donations or fundraising activities. | D40: Our activities are few and they operate on a pay per user basis. To achieve this: Let participants know of the costs associated with the activity and seek donations towards meeting the costs; Run simple fundraising activities around your activities, such as a raffle or simple activities; Conduct regular fundraising activities, ideally utilising the sport itself.
B41: 2 | C41: We generate regular profits from our activities and events. | D41: The NF generates a good income from our activities and events, increasingly from sport specific activities as opposed to generic fundraising. To achieve this: Establish a budget for your activities and events and charge participation or registration fees that will provide a regular income for the organisation; Consider charging entry fees for spectators depending on the quality of your events; Have regular fundraising activities associated with your events, that also serve to promote the sport. Seek sponsorship support to at least cover the costs of putting on an event or activity; Develop ways to make events attractive to sponsors by attracting a lot of people to them.
B42: 3 | C42: We generate significant income our activities and events. | D42: We are able to generate income around our activities and events from a variety of sources that contribute strongly to our overall financial performance. To achieve this: Seek sponsors to help support the cost of putting on your events and approach them with a consolidated budget; Obtain income or VIK from sponsors to help the organisation to at least break even on running events and activities; Conduct a number of side activities and events around a major one that are specifically designed to make money; Make events attractive enough to charge fees for people to watch your events; Ensure events are well signposted and dressed up and supported with an attractive and catchy marketing campaign.
B43: 4 | C43: Our events and activities are highly profitable with an expectation of growth annually. | D43: The NF has a number of lucrative event products that generate income from a variety of sources. To achieve this: Establish an attractive portfolio of events that are entrenched into an annual calendar, published well in advance in order to gain commitment Establish high standards and public interest in our events through prizes and the establishment of traditions and culture in the events; Consider opportunities to associate the sport with national values and cultural activities Develop diverse income streams from multiple sources such as TV rights, entry fees, fundraising and sponsorship so that events and activities are profitable; Establish a marketing department with sole responsibility for maximising the profits from activities; Become the 'place to be' and to be a part of.
A44: Fundraising | B44: Level | C44: Highlight the level you feel the NF is at. | E44: What does the next level of development look like and how do we get there?
B45: 0 | C45: We do not do any. | E45: {=_xlfn.IFS(A45="","", A45=0, D46, A45=1, D47, A45=2, D48, A45=3, D49, A45=4, "No further criteria" )}
A46: How would you describe your organisation's approach to fundraising? | B46: 1 | C46: We hold some fundraising activities unrelated to the sport itself. | D46: While we may generate some funds from our specific activities, most of our income comes from generic fundraising not necessarily related to the sport. To achieve this: Hold ad-hoc fundraising using activities that are unrelated to the sport. e.g. cake stalls, dances. Consider setting up a fundraising system that clubs and affiliates can use from which some profit comes to the NF; e.g. Quiz nights, disco nights camps for kids.; Establish a fundraising committee externally to the Board whose sole purpose is to organise and raise funds for the NF and its affiliates.
B47: 2 | C47: We have some regular fundraising activities that we plan. | D47: The NF plans and hold several activities throughout the year, including an annual dinner to recognise achievements, Sale of merchandise, fun events and promotional activities. To achieve this: Provide a budget to the fundraising committee and task them to use these funds to generate more funds; Obtain income from activities held at events and activities, such as BBQ and drink sales; Hold activities specifically for fundraising purposes.
B48: 3 | C48: We have a formal fundraising programme that is made up of regular activities that target a range of funding sources. | D48: Our fundraising activities are well organised and targeted, occurring on a regular basis throughout the year. To achieve this: Form a fundraising committee that incorporates marketing and promotions; Incentivise members of the committee with regards based on success in generating money; Establish a recognisable programme of activities for the entire year; Hold formal fundraising activities that generate significant income. e.g. sale of event specific T-shirts, balloons; Hold raffles using event/NF specific merchandise for prizes usually as secondary activities around the NF's events.
B49: 4 | C49: The NF has a comprehensive fundraising programme based on a marketing plan. | D49: These programmes now generate significant income and may be overseen by a paid staff member or members. To achieve this: Appoint a specialist volunteer or staff member to oversee fundraising activities; Establish a fundraising strategy based on the marketing plan; Deliver the strategy; Ensure that staff are measured on their achievements against agreed pre-set targets for each year.
A50: Government funding | B50: Level | C50: Highlight the level you feel the NF is at. | E50: What does the next level of development look like and how do we get there?
B51: 0 | C51: None received | E51: {=_xlfn.IFS(A51="","", A51=0, D52, A51=1, D53, A51=2, D54, A51=3, D55, A51=4, "No further criteria" )}
A52: What funding do you receive from government? | B52: 1 | C52: Occasionally we receive small grants usually to cover access to facilities. | D52: The NF receives some funding from government in the form of grants that enable us to deliver activities that meet the government's policy objectives. This funding is not necessarily managed by the NF. To achieve this: As a Board, discuss what income opportunities are available to the NF from government; Appoint a Board member to be responsible for income opportunities; Develop a plan for taking advantage of these opportunities; In particular, seek government funding to support community activities in your sport. Implement the plan and obtain funding that meets specific but modest targets.
B53: 2 | C53: We occasionally receive small grants for development activities that are in line with government initiatives. | D53: To generate more turnover: Appoint a sub-committee to take responsible for obtaining government funding ; Meet with government officials to understand their priorities; Identify how you can contribute to their priorities; Prepare a business case and lobby government for funding; If or when funding is received, ensure it is fully acquitted and reported, and if possible make sure there is a government representative at the funded activity.
B54: 3 | C54: We receive financial support for some of our elite athletes based on performance. | D54: These grants may be made available directly to high performing athletes based on their achievements or take the form of scholarships or access to a government funded sports institute or academy. To achieve this: Appoint a specialist volunteer or paid employee to liaise with government; Develop a strategy for attracting support from government for ALL NF activities; Secure regular funding that is managed by the NF for programmes such as supporting national teams.; Ensure that full recognition is given to government for its contributions.
B55: 4 | C55: The government provides a comprehensive grant for our development and performance objectives. | D55: We receive significant funding from government based on our strategic objectives which we as far as possible, align with government policy. This grant covers a broad spectrum of sport and sport development objectives. To achieve this: Appoint a member of staff or specialist volunteer to be responsible for monitoring government policy and seek out opportunities to apply for funding; Develop a strategy that meets the objectives of government for your sport; Establish specific targets that address objectives raised in the NF strategic plan that are compatible with government objectives; Implement and evaluate the strategy.
A56: Sponsorship | B56: Level | C56: Highlight the level you feel the NF is at. | E56: What does the next level of development look like and how do we get there?
B57: 0 | C57: None | E57: {=_xlfn.IFS(A57="","", A57=0, D58, A57=1, D59, A57=2, D60, A57=3, D61, A57=4, "No further criteria" )}
A58: What sponsorship support does your organisation receive? | B58: 1 | C58: We receive donations from friends and relatives. | D58: The NF is struggling to source funding and relies on its close personal networks to generate the income necessary to exist. To achieve this: Target relatives and friends for cash and in-kind support; Discuss ways of increasing funding to the NF for non-administrative activities.
B59: 2 | C59: We receive some value in kind from local producers, members or friends of members. | D59: Much of our support through sponsorship comes in the form of Value in Kind (VIK) which we align to our activities and use them to either generate cash or cover the costs of our activities so that they in turn generate a profit. To achieve this: Develop a funding plan that increases non-administrative funding to the NF by cutting the cost of running our activities; Review the administration of the NF on a regular basis to ensure it is of an appropriate size for the NF; Identify all opportunities to decrease administrative spending where appropriate. Obtain organisational sponsorship in the form of value-in-kind (VIK) products from a local business through personal networks within the membership.
B60: 3 | C60: We have sponsors who provide regular cash or in-kind support. | D60: The NF receives a good range of sponsorship support for events and activities that we run. To achieve this: Develop a funding strategy that successfully increases non-administrative funding to the NF; Seek out sponsors who might identify with our activities and see opportunity for promoting their products or brand Ensure that proposals are forwarded to potential sponsors well in advance of an activity and with supporting documentation that details the potential benefits to the sponsor; Hold events or activities that have at least one major sponsor to support them.;/LI> Implement and monitor the success of the funding strategy.
B61: 4 | C61: The NF has established commercial contracts that support our key brands and activities. | D61: The NF has secured at least one sponsorship contract based on rights to the organisation brand as well as support for major events contracted for a minimum of 5 years. To achieve this: Establish a sponsorship and marketing department that specifically targets sponsorship for the NF's major events and activities; Monitor and review if appropriate.
A62: Administration cost | B62: Level | C62: Highlight the level you feel the NF is at. | E62: What does the next level of development look like and how do we get there?
B63: 0 | C63: 100% of all income | E63: {=_xlfn.IFS(A63="","", A63=0, D64, A63=1, D65, A63=2, D66, A63=3, D67, A63=4, "No further criteria" )}
A64: What percentage of your revenue is spent on administration? | B64: 1 | C64: Between 75% and 100% of all income | D64: Recognising that this is an unacceptably high expenditure on administration, the Board seeks to lower fixed and administration costs along with income opportunities are discussed when planning budgets with the Treasurer, the F.C., the Board and the S.G.. This can be achieved by: Using the January-December profit and loss statements, show % via the vertical analysis method. (divide total administration expenditure by total income, multiply answer by 100, to find the % of administration expenditure for the NF); As a Board, discuss the administrative requirements of the NF and how they should be funded; Discuss ways of decreasing the percentage of expenditure on administration, by both increasing income overall and decreasing the cost of administration.
B65: 2 | C65: Between 50% and 75% of all income | D65: The Treasurer and/or F.C. and S.G. ensure costs are kept low and within reason. New funding opportunities are discussed and sourced where and whenever possible. To achieve this: Use the audited profit and loss from the previous two years, to calculate the percentage of expenditure on adminstration, by using the vertical analysis method. (divide total administration expenses by total income, multiply answer by 100, to get this percentage.) Do a calculation separately for each year; Develop a funding plan that increases non-administrative funding to the NF; Review the administration of the NF on a regular basis to ensure it is of an appropriate size for the NF; Identify all opportunities to decrease administrative spending where appropriate.
B66: 3 | C66: Between 20% and 50% of all income. | D66: The Treasurer and/or F.C. and S.G. ensure costs are kept low and within reason. New funding opportunities are discussed and sourced where and whenever possible. To achieve this: Use the audited profit and loss from the previous two years, to calculate the percentage of expenditure on adminstration, by using the vertical analysis method. (divide total administration expenses by total income, multiply answer by 100, to get this percentage.) Do a calculation separately for each year; Develop a funding plan that increases non-administrative funding to the NF; Review the administration of the NF on a regular basis to ensure it is of an appropriate size for the NF; Identify all opportunities to decrease administrative spending where appropriate.
B67: 4 | C67: Less than 20% of all income | D67: Sustainability is a focus and objective of the NF Board and management, and forms part of the NF's quadrennial financial plan. NF financial planning and controls ensure quadrennial cost controls and revenue generation is in place. Quadrennial comparisons form part of financial planning to ensure costs are reasonable and revenue streams are diversified and realistic. To achieve this: Continue to monitor administration expenses against total income; Develop and implement a funding strategy that successfully increases non-administrative funding to the NF; Monitor and review as appropriate to ensure the sustainability of the NF.
A68: Management of money | B68: Level | C68: Highlight the level you feel the NF is at. | E68: What does the next level of development look like and how do we get there?
B69: 0 | C69: No money to manage. | E69: {=_xlfn.IFS(A69="","", A69=0, D70, A69=1, D71, A69=2, D72, A69=3, D73, A69=4, "No further criteria" )}
A70: How does your organisation manage its money? | B70: 1 | C70: We put all of our funds into a single bank account. | D70: All of our funds are deposited to a single bank account. To achieve this: Establish a Treasurer position on the Board; Appoint or elect a suitably qualified person to the position; Open a bank account in the NF's name; Ensure that the organisation considers its income sources and sets aside specific funds in the accounts for specific activities; Ensure the Board has an overview of the finances on a regular basis.
B71: 2 | C71: The NF has multiple accounts to service each operational area. | D71: The NF has established multiple bank accounts that cover specific operational areas of the organisation. These are allocated the funding budgeted for that operational area. To achieve this: Establish a sub-committee that is responsible for the finances of the organisation, reporting to the Treasurer; Appoint suitably qualified people to sit on the sub-committee; Open bank accounts for each service area as appropriate; Ensure that the organisation considers its income sources and sets aside specific funds in the accounts for specific activities; Ensure the Board has an overview of the finances on a regular basis.
B72: 3 | C72: The NF manages its finances through cost centres that are controlled by different parts of the organisation. | D72: The administrative processes are documented above to support cost centres that are allocated to each significant operational area of the organisation in line with its overall structure. To achieve this: Establish a comprehensive budgeting process that is tied to the organisation strategic plan; Manage according to the budget and report regularly to the Board and the Finance Committee.
B73: 4 | C73: The NF has an investment portfolio to help maximise its revenue. | D73: The NF has asset wealth that it endeavours to derive cash from. To achieve this: Develop a financial plan for all funds; Seek expert advice on how best to manage the NF's money; Develop an investment portfolio where possible; Report on progress regularly.
A75: =A2 -> Oversight | B75: =A3 -> 0
A76: =A8 -> Finanace management | B76: =A9 -> 0
A77: =A14 -> Financial controls | B77: =A15 -> 0
A78: =A20 -> Planning | B78: =A21 -> 0
A79: =A26 -> Reporting | B79: =A27 -> 0
A80: =A32 -> Income from members | B80: =A33 -> 0
A81: =A38 -> Income from activities | B81: =A39 -> 0
A82: =A44 -> Fundraising | B82: =A45 -> 0
A83: =A50 -> Government funding | B83: =A51 -> 0
A84: =A56 -> Sponsorship | B84: =A57 -> 0
A85: =A62 -> Administration cost | B85: =A63 -> 0
A86: =A68 -> Management of money | B86: =A69 -> 0
A89: Average | B89: =AVERAGE(B75:B87) -> 0
A90: Level 4 | B90: =COUNTIF(B75:B87,4) -> 0
A91: Level 3 | B91: =COUNTIF(B75:B87,3) -> 0
A92: Level2 | B92: =COUNTIF(B75:B87,2) -> 0
A93: Level1 | B93: =COUNTIF(B75:B87,1) -> 0
A94: Level 0 | B94: =COUNTIF(B75:B87,0) -> 12
A97: Elements in urgent need of attention | C97: Write specific comments here about your urgent priorities.

Sheet Media & Communications
A1: Theme 5 | C1: Media and Communications
A2: Method | B2: Level | C2: Highlight the level you feel the NF is at. | E2: What does the next level of development look like and how do we get there?
B3: 0 | C3: We do not communicate at all. | E3: {=_xlfn.IFS(A3="","", A3=0, D4, A3=1, D5, A3=2, D6, A3=3, D7, A3=4, "No further criteria" )}
A4: What is the preferred method of communicaion within the organisation? | B4: 1 | C4: We use a phone/messaging network to passmessages along and post notices where they can be seen. | D4: There is no formal infrastructure in place as yet. Messages are passed along using personal networks by whatever means are available and accessible for people to use in the country. To achieve this: Develop a phone or fax network to spread the word across those interested and active members in the organisation; Post notices on the organisation and community notice boards about activities; Encourage members to set up social media networks where available.
B5: 2 | C5: We use a social media platform to communicate with and between members. | D5: The NF makes good use of social media platforms that are popular among the members to communicate its messages. To achieve this: The NF encourages and has established one or more social media pages that it can use to spread information across its membership. To achieve this: Establish a Facebook page and/or Twitter account for the organisation; Make sure interested people know about this; Publicise the organisation's activities via social media.
B6: 3 | C6: We post notices on a website and use social media to attract members to our site. | D6: The NF has its own website where it stores and consolidates its organisational communications and uses social media to attract people to the web site or to highlight specific events. To achieve this: Appoint a volunteer responsible for communication; Develop an E-mail network which includes members and interested people; Develop a NF website; Distribute information about the NF via these means. Ensure that the web site and social media pages are montitored and moderated as needed and that they are responsive to the membership.
B7: 4 | C7: Our NF has a sophisticated and interactive web based communications system that is uniquely branded, such as an extranet. | D7: To achieve this: Ensure that there is an web based infrastructure that can support this platform and that it can be accessed by the majority of members; Develop a web based communications strategy; Implement the strategy using integrated web site forum, poll, blogging and members area; Monitor the technology and software used to ensure it is up to date; Be aware of privacy legislation and data security if member's details are stored within this system.
A8: Notices | B8: Level | C8: Highlight the level you feel the NF is at. | E8: What does the next level of development look like and how do we get there?
B9: 0 | C9: We do not post notices. | E9: {=_xlfn.IFS(A9="","", A9=0, D10, A9=1, D11, A9=2, D12, A9=3, D13, A9=4, "No further criteria" )}
A10: What format do your notices take? | B10: 1 | C10: All of our notices are written and posted on a community notice board. | D10: Increasingly it has become possible to distribute notices electronically through members social media when available or on community radio. To achieve this: Distribute written notices by hand and post on community notice boards; Encourage notices to be further distributed through members electronic notice boards or through free to air media; Ensure notices are kept up to date and that any notice boards are refreshed.
B11: 2 | C11: We have a dedicated notice board for members and a dedicated slot on radio for reaching remote locations. | D11: In more recent times this has been replaced by a social media page or basic Web site on which our notices are posted. To achieve this: Have an organisational notice board in a visible in a public place; Establish a simple web page via a generic provider like yahoo or google and use this to communicate about key organisation activities; If necessary, obtain a dedicated slot on local radio or T.V.
B12: 3 | C12: Most of our notices are distributed electronically, using an internet based system. | D12: More than 80% of our notices are communicated electronically, either by e-mail, through a web site or social media or by text messaging. To achieve this: Establish at least one person in the organisation to be responsible for organising and maintaining a web site, email network or social media notice board; Monitor it regularly and frequently and ensure it is kept up to date.
B13: 4 | C13: All of our notices are distributed electronically and are interactive to enable members to respond. | D13: We have a very well-developed electronic communications system that enables us to communicate effectively in a targeted way. To achieve this: Establish a group of people who take responsibility for communicating the NF's messages to the membership and public at large. Post notices on a branded web platform that allows comment and interactive involvement from members such as polls forums and blogs; Establish closed communication platforms for specific groups withing the NF; Ensure that these are interactive in nature so that member comments can be seen quickly and easily.
A14: Printed Communication | B14: Level | C14: Highlight the level you feel the NF is at. | E14: What does the next level of development look like and how do we get there?
B15: 0 | C15: Nothing done. | E15: {=_xlfn.IFS(A15="","", A15=0, D16, A15=1, D17, A15=2, D18, A15=3, D19, A15=4, "No further criteria" )}
A16: What form does your printed communications take? | B16: 1 | C16: Newsletters are sometimes produced and distributed by hand. | D16: The NF produces a regular newsletter and ad hoc reports of activities that are distributed to the members for their information. simple calendars may also be produced for the information of members. To achieve this: Discuss what information needs to be distributed to members to help promote and grow our sport; Appoint a board member or willing volunteer to design and produce a simple newsletter; Support this person with sufficient resources and information/content; Write a simple newsletter as required on an ad-hoc basis; Distribute this to interested people or via notice boards.
B17: 2 | C17: A regular newsletter is produced and distributed by mail. | D17: Our newsletter is now a regular feature that is mailed out to subscriber members and posted online where possible. To achieve this: Amount a small working group to take responsibility for producing a regular newsletter; Ensure the NF brand is prominent; Establish a mailing list for distributing the newsletter or where appropriate an electronic distribution list; Distribute the newsletter at roughly the same time each weekly or monthly period as appropriate and seek feedback from members.
B18: 3 | C18: We produce a member publication paid for by subscription. | D18: Our newsletter now takes the form of a magazine and is of reasonable quality and professionally produced in-house. To achieve this: Ensure that the publications working group is properly resources and trained to use software that enhances the look and feel of the newsletter; Produce a simple magazine that comes with standard feature pages, news, calendar of events and photos; Seek a small subscription fee from members and a larger fee from non-members to include on the distribution list or include the costs in the member fee structure; Make this magazine available for general sale and encourage member clubs to help distribute it and sell it as part of their fund-raising effort; Generate income by selling some advertising space.
B19: 4 | C19: We produce an organisation magazine of publication quality. | D19: Our magazine is produced either in-house or if possible out-sourced to a professional publisher and it provides a high quality and professional looking source of information about the organisation, its activities and the sport itself. Much of the material may also published online. To achieve this: Establish a publications unit within the management structure of the NF or consider outsourcing the work to a professional publisher depending upon the resources and capabilities available to the NF; Ensure that the brand developed and content reflects both sport values and the NF's values; Cover the cost of the magazines production from advertising if possible; Publish regularly, at least monthly, with an editorial, feature stories, regular sections covering the NF activities, achievements by athletes coaches and officials, photos and advertising.
A20: Internet | B20: Level | C20: Highlight the level you feel the NF is at. | E20: What does the next level of development look like and how do we get there?
B21: 0 | C21: It doesn't. | E21: {=_xlfn.IFS(A21="","", A21=0, D22, A21=1, D23, A21=2, D24, A21=3, D25, A21=4, "No further criteria" )}
A22: How does your organisation accessthe internet? | B22: 1 | C22: Use of public internet provider. | D22: The organisation has no formal connection to a provider and usually works through a member's personal account or accesses the internet using a public access point. To achieve this: Identify sources of access to the internet from within the membership or public access points; Cost out the possibility of connecting to the internet from an organisational account.
B23: 2 | C23: Shared internet provider. | D23: The organisation shares internet access with one or more other organisations, to keep costs down. To achieve this: Appoint a Board member look for opportunities to share the cost of gaining access to the internet; Analyse the cost of the various options that arise; Enter into an agreement with one or more other organisations that is both cost effective but also provides a good quality of access to the internet.
B24: 3 | C24: Dedicated internet provider and Intranet. | D24: The organisation has its own internet access account to support a significant web presence including the establishment of an intranet. To achieve this: Appoint a member of staff or specialist volunteer to take responsibility for establishing and maintaining the NF internet connection; Seek multiple quotes that take into account the needs of the NF as well as the cost; Seek budget approval for the cost of connecting to the internet and maintaining this connection; Seek to purchase the hardware and software needed to make the most of this connection so that members may access it; Monitor the use of the internet to ensure that it is cost effective and used to its potential.
B25: 4 | C25: Branded internet service and Extranet. | D25: The organisation has a significant and comprehensive access to the internet that may even provide for access to members clubs and organisations as well. We have a protected member database as part of a comprehensive intranet and extranet that services the NF itself as well as its members. To achieve this: Budget the cost of a sophisticated access point to the internet, including staffing and hardware support; Ensure that the cost of the access to the internet is within the overall administrative budget for the NF; Monitor the use of the system to determine its cost -benefit and cost effectiveness.
A26: Responsibility | B26: Level | C26: Highlight the level you feel the NF is at. | E26: What does the next level of development look like and how do we get there?
B27: 0 | C27: No one. | E27: {=_xlfn.IFS(A27="","", A27=0, D28, A27=1, D29, A27=2, D30, A27=3, D31, A27=4, "No further criteria" )}
A28: Who takes responsibility for communicating information? | B28: 1 | C28: Interested people take responsibility. | D28: People step up on a voluntary basis to communicate messages and activities being organised by the organisation but there is no formal position as yet that takes this responsibility beyond the secretarial role on the Board. To achieve this: As a Board, discuss what messages need to be distributed; Make sure that all Board members know what is happening in the organisation; Encourage everyone to pass on information about the NF.
B29: 2 | C29: The Secretary of the Board is responsible. | D29: The General Secretary (GS) is mandated to control and oversee all official communication within the organisation as well as externally to it. Appoint a member of the Board to be responsible for communications aspects of the organisation; Inform members of the need to pass on information to the GS; Appraise the performance of the GS against the communication requirements agreed for the NF.
B30: 3 | C30: We have an information strategy, driven by a specialist volunteer or paid member of staff. | D30: In addition to the GS who retains responsibility for correspondence and internal communications, we have specialist volunteers of paid staff who take on responsibility for producing communications. to achieve this: Appoint a member of staff or specialist volunteer to be responsible for merchandising and have them report to the Board; Identify a range of merchandise that can be sold to promote the NOC and increase revenue, particularly around the Olympic Games; Commission the merchandise and then sell; Review the success of the merchandise and change if appropriate.
B31: 4 | C31: Sub committees are responsible for communicating about their activities. | D31: We have established a communication post within each of our working groups and sub committees that take responsibility for communicating their activities. To achieve this: Develop a plan that encompasses a wide range of merchandise; Establish a clear common brand for the NF that is implicit in all its merchandise; Effectively market merchandise to specific target groups and specific activities and events; Implement, monitor and review, amending if necessary.
A32: Web presence | B32: Level | C32: Highlight the level you feel the NF is at. | E32: What does the next level of development look like and how do we get there?
B33: 0 | C33: Nothing in place. | E33: {=_xlfn.IFS(A33="","", A33=0, D34, A33=1, D35, A33=2, D36, A33=3, D37, A33=4, "No further criteria" )}
A34: What type of web presence does the organisation have? | B34: 1 | C34: The organisation has a simple website or social media page that is occasionally updated. | D34: To achieve this: Appoint a Board member or keen volunteer and delegate responsibility to establish a simple web page using a generic, preferably free web page provider; Put important material about the NF on the website, such as programmes and contact information.
B35: 2 | C35: We have a simple website or social media page that is regularly updated. | D35: The NF website may still be a generic one but has now linked its social media presence to it. To achieve this: Appoint a member of the Board to be responsible for maintaining and updating the web site and social media pages; Update material on the website so that members know what the organisations is doing.; Put in place the plan and raise funds to upgrade the quality and independence of our web site.
B36: 3 | C36: The NF website provides regularly updated information on its full range of activities and services. | D36: The website has a unique URL that has more than likely been purchased and it is updated frequently from a variety of sources. To achieve this: Appoint a member of staff or specialist volunteer to be responsible for monitoring the web site and have them report to the Board; Delegate editing rights to different people working in different areas of the organisation and allow them to edit their area of operation, e.g. coaching, athletes news, events; Sport news; Coordinate social media inputs to signpost features and calendars on the web site; Coordinate with the GS to ensure that information is up to date; Source companies that host domains and allow you to purchase a domain name or URL; Be sure that you are not paying too much and keep it simple.
B37: 4 | C37: The NF has an interactive web platform that allows two way communication with membership and incorporates other features such as a membership database. | D37: Our Web Site leads to a comprehensive range of services and information, including competition fixtures and results, ticketing, live streaming of matches and event based social media platforms. To achieve this: Establish a web portal that provides a window to your sport Consider a system that supports websites for member associations, clubs and teams; Incorporate an online database and event management process into the website; Ensure that data protection issues have been accounted for and that the NF is fully compliant with laws that govern the use of data and its availability to third parties.
A38: Media Strategy | B38: Level | C38: Highlight the level you feel the NF is at. | E38: What does the next level of development look like and how do we get there?
B39: 0 | C39: None. | E39: {=_xlfn.IFS(A39="","", A39=0, D40, A39=1, D41, A39=2, D42, A39=3, D43, A39=4, "No further criteria" )}
B40: 1 | C40: We don’t deal very often with the media. | D40: The NF has ad hoc contact with the media with no official links but recognises the need to establish more regular contact. To achieve this: Identify media outlets that might be useful for you; Find out how you might use these to enhance the communication needs of the NF; Use public radio or TV for free community announcements; Establish a contact with appropriate media outlets and discuss how you might work together with them.
B41: 2 | C41: We react to specific circumstances and opportunities. | D41: Through personal relationships with media we have sources established that offer opportunities for the NF to spread its messages and promote its activities and events. to achieve this: Establish personal relationships with selected media outlets and journalists; Encourage them to attend your functions and events; Send press releases covering information that might be of interest to the media such as upcoming events or results.
B42: 3 | C42: We target communications about key activities at some forms of media. | D42: We have a media strategy that is either driven by the board or delegated to management and we dedicate time and resources to cultivating our media relations. To achieve this: Establish a media relations section within our secretariat; Appoint a staff member or specialist volunteer to be responsible for looking after media contacts and to be a spokesperson for the NF. Establish a media strategy as an integral part of the NF strategic plan; Assign specific staff/volunteers to ensure that the media are targeted and properly catered for at specific events and activities; Provide sufficient documented information that can easily be used by the media as and when required; Appoint a Press Attaché to assist coordinating with the media on important announcement and to accompany teams to important events.
B43: 4 | C43: The NF has a media strategy and dedicated staff that provide information about services and activities to all key media outlets. | D43: The NF has a Media Relations Manager in place, either voluntary or paid, whose specific role is to coordinate and manage all of the NF's media relations. To achieve this: Appoint a Media Relations Manager; Appoint appropriate people to work in the media relations team or department; Implement a media strategy as an integral part of the NF strategic plan; Assign specific staff/volunteers to ensure that the media are targeted and properly catered for at specific events and activities; Evaluate the work of the media relations team or department team or media department, against specific and challenging agreed outcomes.
A44: Major Written Reports | B44: Level | C44: Highlight the level you feel the NF is at. | E44: What does the next level of development look like and how do we get there?
B45: 0 | C45: None. | E45: {=_xlfn.IFS(A45="","", A45=0, D46, A45=1, D47, A45=2, D48, A45=3, D49, A45=4, "No further criteria" )}
A46: What form do your major written reports take? | B46: 1 | C46: Written and informal. | D46: Our reports are quite informal, but we are aware of the need to develop a consistent approach to writing reports. To achieve this: As a Board discuss and agree on what form the NF official reports should take; Be aware of the requirements imposed by external organisations with respect to the format of their reports; Continue to report verbally on activities; Produce written reports about key activities using the agreed format.
B47: 2 | C47: Our reports have a simple organisational report format and are printed as word documents. | D47: We attempt to keep the format of reports simple and easy to read. To achieve this: Set out guidelines for a 'house-style' of written reports; Write standardised activity reports addressing specific requirements from funding organisations; Continue to report verbally on general activities to meetings.
B48: 3 | C48: The NF has a ‘house style’ and uses appropriate software to prepare publications. | D48: The organisation makes use of appropriate software to make written reports look professional and well presented. To achieve this: Establish a 'house-style' for written reporting and distribute the template to all relevant people within the NF; Ensure training is provided to staff and volunteers on how to write reports; Professionally produced written reports on all activities must be tabled at the Annual General Meeting and at committee meetings where appropriate.
B49: 4 | C49: The NF has its key reports, such as annual reports, professionally produced. | D49: In order to project an image of professionalism and quality, the NF may outsource the printing and production of its key reports, like the annual report to a professional printing company or publisher. To achieve this: Establish a team or department to work on the production of quality reports; Appoint appropriate and skilled people to work in the team or department; Where necessary, outsource the printing and publishing of our quality reports to an appropriate company; Use these to communicate with stakeholders; Evaluate the work of the team or department against agreed outputs.
A50: T.V. presence | B50: Level | C50: Highlight the level you feel the NF is at. | E50: What does the next level of development look like and how do we get there?
B51: 0 | C51: None. | E51: {=_xlfn.IFS(A51="","", A51=0, D52, A51=1, D53, A51=2, D54, A51=3, D55, A51=4, "No further criteria" )}
A52: What presence does your organisation have on television? | B52: 1 | C52: Occasional TV news items. | D52: The organisation occasionally makes it onto regular news coverage or onto a feature story. To achieve this: As a Board, determine what information should be directed at TV stations; Establish a contact person as each TV outlet being targeted; Invite these contacts to attend events and activities and ensure that they receive all press releases; Monitor TV stories and keep a record of how often news about the sport appears.
B53: 2 | C53: Occasional TV News Reports. | D53: Some of our events, activities or achievements of our athletes and leagues occasionally come to the attention of TV outlets who take the initiative to run stories on those activities or outcomes. To achieve this : Appoint a sub-committee to take responsibility for sending interesting stories to T.V. outlets; Consider producing short media pieces to send to TV to use; Develop strategies that leverage the benefits of attending the international sport events; Monitor how often our sport makes the TV news.
B54: 3 | C54: Occasional feature TV stories. | D54: The organisation has an occasional feature story on something outstanding that has occurred. To achieve this: Gather information on activities, events or results that are of real interest to the community at large Develop a TV strategy for raising interest in ALL NF activities; Seek out potential sponsors who might cover the cost of producing a TV feature; Evaluate the success of getting feature stories of our sport on TV over a calendar year.
B55: 4 | C55: Regular TV stories and features. | D55: As a major sport and contributor to the culture and lifestyle of people in our country, TV regularly and routinely covers activities, events and interest stories around our sport. To achieve this: Establish our sport as a major sport in the country; Make it easy for the TV companies to access our sport and cover events; Evaluate and monitor the frequency of stories covered by the TV on our sport.
A56: Member contact | B56: Level | C56: Highlight the level you feel the NF is at. | E56: What does the next level of development look like and how do we get there?
B57: 0 | C57: We don't. | E57: {=_xlfn.IFS(A57="","", A57=0, D58, A57=1, D59, A57=2, D60, A57=3, D61, A57=4, "No further criteria" )}
A58: How does the orgaisation communicate with its membership base? | B58: 1 | C58: We communicate informally, verbally and/or by the occasional notice. | D58: The organisation has identified simple and personal ways to pass on information to members. To achieve this: Identify what information members need to know and how you will tell them about it; As a Board, discuss a possible ways of communicating with members formally.
B59: 2 | C59: We communicate primarily by phone and an NF notice board. | D59: To pass on information to members: Ensure that you have appropriate contact numbers; Ensure that all members know where the NOC notice board is and have access to it; Ensure that you communicate regularly using these methods.
B60: 3 | C60: We primarily use email and web-based methods of communication. | D60: The organisation primarily relies on electronic methods and the world wide web to communicate effectively with members. To move toward electronic communication: Ensure that your members have access to email and web based communications; Collect the relevant emails to be able to communicate; Establish a Members area on the NF Website and assign a person to moderate and populate this area regularly; Consider a secure social media page and assign a moderator to respond to questions and keep the area up to date with information; Communicate regularly with members using these methods.
B61: 4 | C61: We use a range of methods, but rely on interactive web-based communication reinforced by personal contact. | D61: To make communication more interactive: Consult with members to identify the most appropriate way of communicating electronically; Establish or commission an interactive web-based communication system that is secure, e.g. an Extranet; Evaluate the success of this and amend when necessary.
A62: Public Relations | B62: Level | C62: Highlight the level you feel the NF is at. | E62: What does the next level of development look like and how do we get there?
B63: 0 | C63: No approach taken. | E63: {=_xlfn.IFS(A63="","", A63=0, D64, A63=1, D65, A63=2, D66, A63=3, D67, A63=4, "No further criteria" )}
A64: What is the organisation's approach to public relations (P.R)? | B64: 1 | C64: We respond to requests for information on an ad-hoc basis and react to critical circumstances and opportunities. | D64: The organisation has not yet recognised the need for public relations, and it is left to the Chair or a designated spokesperson to respond to issues as they arise. To understand opportunities for PR: As a Board, discuss opportunities for PR and how you will respond to requests for information; Take advantage of all appropriate PR opportunities when they arise.
B65: 2 | C65: We occasionally communicate about key activities to some forms of media. | D65: The organisation is aware of the need to be more interactive with the public as its profile in the community is raised by its association with the Olympic Games and other major international multi-sport events. To better develop our P.R: Be aware of personal relationships amongst the Board and members that offer potential for PR work; Appoint a specific person to be the 'face' of the NNF; Address issues as they arise Take advantage of opportunities to improve the P.R. of the NF whenever appropriate.
B66: 3 | C66: We proactively manage our communication with the public. | D66: The NF recognises the need to be proactive with our public relations and strives to put our sport to the forefront of the minds of the general population. To achieve this: Appoint a member of staff or specialist volunteer to oversee PR activities and report to the Board; Have this sub-committee develop a plan of action to develop PR activities and/or to take advantage of opportunities when they arise; Evaluate the success of the plan and amend as appropriate.
B67: 4 | C67: The NF has a public relations strategy and dedicated staff that targets a range of groups using diversified methods complemented by a well-developed media strategy. | D67: The NF's media strategy is documented and approved at all levels of the NF and drives the way that the NF interacts with the public. To achieve this: Establish a Public Relations Department; Conduct a complete task and skills audit for this Department; Develop job descriptions for each position; Recruit, select, appoint the required staff and/or volunteers to carry out the work required. Monitor and evaluate.
A69: =A2 -> Method | B69: =A3 -> 0
A70: =A8 -> Notices | B70: =A9 -> 0
A71: =A14 -> Printed Communication | B71: =A15 -> 0
A72: =A20 -> Internet | B72: =A21 -> 0
A73: =A26 -> Responsibility | B73: =A27 -> 0
A74: =A32 -> Web presence | B74: =A33 -> 0
A75: =A38 -> Media Strategy | B75: =A39 -> 0
A76: =A44 -> Major Written Reports | B76: =A45 -> 0
A77: =A50 -> T.V. presence | B77: =A51 -> 0
A78: =A56 -> Member contact | B78: =A57 -> 0
A79: =A62 -> Public Relations | B79: =A63 -> 0
A80: Average | B80: =AVERAGE(B69:B79) -> 0
A81: Level 4 | B81: =COUNTIF(B69:B79,4) -> 0
A82: Level 3 | B82: =COUNTIF(B69:B79,3) -> 0
A83: Level2 | B83: =COUNTIF(B69:B79,2) -> 0
A84: Level1 | B84: =COUNTIF(B69:B79,1) -> 0
A85: Level 0 | B85: =COUNTIF(B69:B79,0) -> 11
A86: Elements in urgent need of attention | C86: Write specific comments here about your urgent priorities.

Sheet Sport Activity
A1: Theme 6 | C1: Sport Activity
A2: Athlete preparation | B2: Level | C2: Highlight the level you feel the NF is at. | E2: What does the next level of development look like and how do we get there?
B3: 0 | C3: We don't | E3: {=_xlfn.IFS(A3="","", A3=0, D4, A3=1, D5, A3=2, D6, A3=3, D7, A3=4, "No further criteria" )}
A4: How do you prepare your athletes? | B4: 1 | C4: We have unsupervised activities. | D4: Athletes in our association largely look after themselves as we have yet to establish regular and formal competition and are not preparing themselves in a formal way. To achieve this: Encourage regular and frequent non-coached activities; LI> Establish a competitive environment that will encourage athletes to train even if it is without formal coaching; Commence planning for the establishment of a more formal and regular competition environment that will lead to athletes taking up our sport more seriously.
B5: 2 | C5: Our members provide occasional coaching. | D5: Coaching usually occurs when interested volunteers, usually parents of young athletes agree to assist to prepare teams in schools and in their clubs. The NF supports these endeavours albeit with limited resources. To achieve this: Establish a competitive environment that encourages athletes to seek supervision from coaches; Prove opportunities for untrained coaches who are knowledgeable and enthusiastic to engage with interested athletes; Provide opportunities for coach education; Include a member of the mission who is specifically responsible for small administrative tasks. Establish training squads for junior and senior athletes under the supervision of a coach/coaches that training when they can.
B6: 3 | C6: Our athletes get regular and frequent coaching from knowledgeable coaches. | D6: Athletes who are playing in formal competitions belong to teams in clubs who are mostly coached by qualified and willing learning coaches. The NF now has national training squads that are also coached by qualified and experienced coaches. To achieve this: Establish a cadre of qualified coaches; Encourage member clubs and teams to provide regular and frequent training for athletes; Establish national training squads for junior and senior athletes under the supervision of a qualified coach/coaches who may or may not be paid; Consider establishing a coaching association that is responsible for the identification, training and development of coaches.
B7: 4 | C7: Our athletes get specialised professional coaching by paid and trained professionals. | D7: The majority of teams that compete in our NF established competitions are coached by dedicated specialists, some of whom may be paid. The NF may or may not support professional leagues and tournaments and in this case the coaches of teams are usually professional. The NF representative team coaches are paid and deliver and manage a well-developed athlete support service. To achieve this: Encourage member clubs and associations to provide training for athletes that is provided by qualified specialised coaches throughout the year; Identify and put in place support staff to help with athlete development; Establish a 'team approach' to the set-up of national teams and squads and integrate their activities with the overall coaching development that should now be available across the NF; Have representative teams and training squads coached all year around by paid professionals.
A8: Junior competition | B8: Level | C8: Highlight the level you feel the NF is at. | E8: What does the next level of development look like and how do we get there?
B9: 0 | C9: None | E9: {=_xlfn.IFS(A9="","", A9=0, D10, A9=1, D11, A9=2, D12, A9=3, D13, A9=4, "No further criteria" )}
A10: What Junior competitions do you hold? | B10: 1 | C10: We organise ad-hoc events. | D10: The organisation has few formal competitions and activities in place but recognises the need to promote the playing of the sport as widely as possible. The sport is promoted both directly and indirectly to schools through our clubs and affiliates and we support this as much as possible. To achieve this: Conduct regular 'learn-to-play' sessions in communities and schools throughout the country; Consider ways to make competitions and facilities to play the sport, even in modified forms as widely and iorganisationormally as possible; Consider introducing your sport to schools as a playground activity or part of P.E. lessons; Encourage children to play the sport and in an unsupervised general play format.
B11: 2 | C11: We organise age appropriate activities. | D11: The organisation both organises age grouped competitions and encourages its affiliates to do likewise. Where possible, efforts are made to modify the sport to take into account, the size of playing fields, and/or equipment and the playing rules and game duration to make the sport more manageable for junior athletes. To achieve this: Identify criteria for modifying the sport that helps to meet the needs of young athletes; Use these criteria to develop modified versions of the sport; Implement some structured modified sport programs for beginners Attempt to implement modified sport programs into schools or community groups; Establish age group leagues or tournaments that even out any physical or developmental advantages.
B12: 3 | C12: We stage age appropriate competitions that are graded by ability or significant physical criteria. | D12: We have a well-structured national junior age group league and or tournaments that are graded taking into account both age and developmental age as well as physical characteristics where relevant. The organisation may also have included criteria for young athletes with physical or intellectual handicaps to be able to take part either in special competitions or as part of regular competitions. To achieve this: Develop a set of guidelines for structuring age appropriate competitions; Encourage affiliates to set up competitions according to these guidelines; Establish national competitions that have been modified for junior and handicapped participants in an integrated way; Support school-based competitions in your sport; Establish a link from school competitions into community or club competitions; Modify the grouping young athletes by size as well as age when organizing activities.
B13: 4 | C13: Our competitions are graded by standard and age group that presents a clear pathway from junior to senior elite competition. | D13: Junior competitions are well established and graded according to ability while being age and size appropriate. Where possible our junior competitions complement senior competitions and affiliates are encouraged to take part and enter teams at all levels of national competition. To achieve this: Establish guidelines for a junior competition framework that takes into account ability, physical maturity and physical and intellectual handicaps; Establish junior competition groupings which are graded by standard and ability as well as age and size. Hold junior competitions that lead to representative honours at district, state or even national level.
A14: National competitions | B14: Level | C14: Highlight the level you feel the NF is at. | E14: What does the next level of development look like and how do we get there?
B15: 0 | C15: No competitions held at all. | E15: {=_xlfn.IFS(A15="","", A15=0, D16, A15=1, D17, A15=2, D18, A15=3, D19, A15=4, "No further criteria" )}
A16: What national competitions do you hold? | B16: 1 | C16: We hold district or urban area competition. | D16: Our competitions are yet to be nationalised although the organisation may hold an occasional national tournament or event. The organisation encourages affiliates that are close to each other to compete on a regular basis with each other. To achieve this: Consider areas such as small towns or districts within large urban areas that are proximal to a viable sport facility. Provide assistance to affiliates to hold regular competitions with each other; Establish a means of assisting and facilitating these competitions by providing material and guidelines for running competitions in your sport.
B17: 2 | C17: We have some competition between districts. | D17: Several interdistrict competitions are in place either in the form of leagues or tournaments between representative club teams. An occasional attempt to conduct a national championship occurs but this attracts less than half of the Districts or provinces within the country. To achieve this: Establish some inter-district competition either tournaments or leagues or some form of representative competition between associations or districts; Establish regular competition programs outside of the main urban centre and support these with resources, and expertise; Establish a national championship that attracts less than 50% of the districts/provinces in the country.
B18: 3 | C18: We hold an annual national championship. | D18: The organisation national championships are now established and is a centrepiece of our competition iorganisationrastructure, attracting teams from more than half of the districts and provinces around the country. It is an annual event and is fixed in the annual calendar of events. To achieve this: Conduct a national championship that involves at least half of the districts/provinces in the country; Establish qualifying events in those areas of the country where the sport is particularly popular; Ensure that these championships are held around the same time every year to assist people to plan for their participation; Make every effort to conduct this championship as well as possible so that it can be promoted broadly as a centrepiece to the organisation's activity programme.
B19: 4 | C19: We have a national competition framework including tournaments and qualifying events. | D19: The organisation has a very well established and well attended national events structure made up of leagues, tournaments and special events that cover a broad spectrum of the community. Prizes are valued and attendance at these events is in high demand: Hold graded elite national competitions throughout the country on a regular and frequent basis; Hold national competitions that are a commercially viable activity and can at least break even financially; Establish an events committee to oversee these events and ensure that they are both presented and conducted professionally and to international standards; Promote and market the events and in particular highlight the progress of teams through the event process to engage interest from the community and incentives for teams to achieve higher levels of excellence.
A20: International competitions | B20: Level | C20: Highlight the level you feel the NF is at. | E20: What does the next level of development look like and how do we get there?
B21: 0 | C21: Never taken part. | E21: {=_xlfn.IFS(A21="","", A21=0, D22, A21=1, D23, A21=2, D24, A21=3, D25, A21=4, "No further criteria" )}
A22: What is your involvement in international competition? | B22: 1 | C22: We aspire to compete internationally. | D22: The organisation has yet to attend international events, but we recognise the need to do so as members of our international sport community. Our standards are still quite low but there is sufficient will within the organisation and its affiliates to take part in international competition. It is common to see our young people 'mimic' the performance of international stars in our sport when they play. To achieve this: Promote international competitions in your sport throughout the country; Encourage people to watch the sport when it is played at the international level; Provide iorganisationormation to coaches and athletes of the standards needed to be reached in order to qualify for attendance in official international competitions; Seek out contacts with neighbouring countries to establish regular 'friendly' internationals that will provide incentives for people to aspire to take part at this level more regularly, Ensure that all Board members are aware of these needs.
B23: 2 | C23: We attend regional games or events and are offered wild card entry to international events. | D23: The organisation focusses on attending organised regional events as part of a multi-sport competition or as a representative team to a regional championship in our sport. To achieve this: Attend regional competitions on an irregular basis when invited; Attend international competitions on an invitational or ad-hoc basis either as full participants or as observers; Take advantage of opportunities that arise through the NOC to be included in delegations to regional or international multi-sport games; Seek out opportunities to attend competitions either as a 'wild card' entry or via a qualifying pathway as directed by the IF for your sport.
B24: 3 | C24: We compete regionally with some success and qualify for international championships. | D24: Our national teams compete regularly at the regional level with some success and as a result qualify occasionally to attend World championships and/or Olympic Games. To achieve this Establish a national team programme that is populated by dedicated athletes, coaches and officials who are willing to train frequently and regularly to achieve excellence; Attend regional events that lead to qualification for international events or result in the gaining of world ranking points; Attend continental championships and/or continental multi-sport events regularly; Strive to qualify on merit for international competition by making athletes and coaches fully aware of the standards they need to reach; Report on the progress of national teams routinely at board meetings and at the AGM.
B25: 4 | C25: We have success at major international events. | D25: The organisation has a well-established elite sport programme which enables it to attend world championships and/or the Olympic Games, on merit and with some success. To achieve this: Become familiar with the international competition calendar and the requirements to take part in it; Be very clear in your understanding of what resources and capabilities are needed to sustain support for teams that compete at the international level Strategically implement a programme of preparation for international competition that takes into account the resources and capabilities that the organisation has available to it; Attend World Championships or Olympic Games on merit through the standard qualifying system: Compete with some success at world class international events; Evaluate the performance or the organisation representative teams and report on these at all board meetings and at the AGM.
A26: Coach/Official Education | B26: Level | C26: Highlight the level you feel the NF is at. | E26: What does the next level of development look like and how do we get there?
B27: 0 | C27: Never been considered. | E27: {=_xlfn.IFS(A27="","", A27=0, D28, A27=1, D29, A27=2, D30, A27=3, D31, A27=4, "No further criteria" )}
A28: What education programs does your organisation provide for its coaches and officilas? | B28: 1 | C28: The organisation doesn’t provide any formal coach and official education | D28: The organisation has an understanding of what education for coaches and officials might be required and is aware of NOC and IF supported programmes and government generated education that it can take part in. To achieve this: Consult with coaches and officials to identify what education they might need; Review OS programmes to see what might be appropriate; Review what government programmes for education coaches and officials might be available in the country; Discuss and agree on the systematic delivery of coach education courses available through O.S. and the International Federations(I.Fs).
B29: 2 | C29: The organisation provides education activities on an ad-hoc basis by utilising OS programmes. | D29: The organisation supports a basic level of education by coordinating programmes offered by the NOC and International Governing Bodies for sport to deliver education programmes in-country. To achieve this: Obtain OS funding for appropriate education, through the NOC and with the support of the IF; Offer programmes of education in partnership with a recognised provider; Evaluate the success of these.
B30: 3 | C30: The organisation works with and encourages Clubs and affiliates to provide sport specific coach and official education in line with its strategic plan. | D30: The organisation has established an educational framework in cooperation with member clubs and partner organisations to support the development of coaches and officials within the country. To achieve this: Consult with clubs and affiliates on their education requirements; Assist clubs and affiliates to provide appropriate education and training programmes using both organisation resources and partner education provider resources; Support their delivery and evaluate the effectiveness of education programmes with the stakeholders.
B31: 4 | C31: The activities that are provided by the organisation are part of an integrated national education framework for coaches and officials. | D31: The organisation endeavours to complement the existing coach and officials education framework that has been established, by offering to include its courses and those offered by the I.F.s into the certification that has been provided. To achieve this: Work to develop a national framework for education; Encourage and support the delivery of the education programme; Send in the details of all courses offered through the organisation to the Administrative body responsible for the Sport Education framework in the country to determine its credit level and efficacy; Contribute where possible and appropriate.
A32: Competition Framework | B32: Level | C32: Highlight the level you feel the NF is at. | E32: What does the next level of development look like and how do we get there?
B33: 0 | C33: We have none. | E33: {=_xlfn.IFS(A33="","", A33=0, D34, A33=1, D35, A33=2, D36, A33=3, D37, A33=4, "No further criteria" )}
A34: What type of competition framework do you have? | B34: 1 | C34: We hold informal organisation competitions when required. | D34: The organisation has no formal competition structure in place yet, but is considering the needs of its affiliates. To achieve this: Organize competitions on an ad-hoc basis with no real formality that might lead to increased interest in your sport; Consider establishing 'drop-in' leagues in partnership with a local sport facility operator; Consider establishing come and try days to increase interest in your sport.
B35: 2 | C35: We organise formal competitions when required. | D35: The organisation has a formal competition structure in place that caters for the needs of its affiliates, however it is not well established and only occurs for part of the year. To achieve this: Organize competitions on an organised basis with some formality and adherence to the national and international standards for the sport, for at least part of the year; Ensure that competitions are conducted according to an agreed and standardised set of rules and regulations; Establish 'drop-in' leagues in partnership with a local sport facility operator; Establish come and try days to increase interest in your sport.
B36: 3 | C36: We hold regular seasonal and formal competitions. | D36: The organisation conducts a series of national seasonal competitions and encourages all its affiliates to take part in them. To achieve this: Hold competitions and activities on a regular and consistent seasonal basis; Conduct all formal competitions according to international rules and procedures; Establish a clear pathway of progression from one competition to the next.
B37: 4 | C37: We hold graded seasonal competitions supported by tournaments/events and national championships. | D37: The organisation oversees a comprehensive national competition framework that encompasses all levels of ability and age groups in a graded and progressive way. Our seasons consist of leagues, tournaments and regional events and is highlighted by a national championship of competition that is acknowledged as seeking out the national champions each year. To achieve this: Establish or take part in selection events leading to international competitions. Ensure that graded leagues lead into national competitions at appropriate levels for each sector of the community; Include a national league or tournament structure that complements national championships; Monitor all competitions to ensure that a competitive balance is maintained that promotes interest and incentives to compete on an on-going basis.
A38: Sport for Development | B38: Level | C38: Highlight the level you feel the NF is at. | E38: What does the next level of development look like and how do we get there?
B39: 0 | C39: None | E39: {=_xlfn.IFS(A39="","", A39=0, D40, A39=1, D41, A39=2, D42, A39=3, D43, A39=4, "No further criteria" )}
